 Dungeon Crawl Stone Soup version 0.31-a0-983-g7b6862f502 (webtiles) character file.

Game seed: 12056570956729290456

2560558 MackTheKnife the Acrobat (level 27, 199/199 HPs)
             Began as a Tengu Conjurer on Nov 2, 2023.
             Was the Champion of Ashenzari.
             Escaped with the Orb
             ... and 5 runes!
             The game lasted 04:15:05 (95375 turns).

MackTheKnife the Acrobat (Tengu Conjurer)          Turns: 95375, Time: 04:15:05

Health: 199/199    AC: 19    Str:  6    XL:     27
Magic:  38/43      EV: 30    Int: 25    God:    Ashenzari [******]
Gold:   6115       SH: 21    Dex: 24    Spells: 2/56 levels left

rFire   + . .        a - +9 demon blade of the Gnostic Cynicism {elec, long, Dev, Comp} (curse)
rCold   + . .        j - +4 kite shield "Gaze Upon Infinity" {rC+ rF+, Comp, Self} (curse)
rNeg    . . .        C - quicksilver dragon scales "Sybil of Ashenzari" {Will+, rare, Cun, Dev} (curse)
rPois   +            F - +0 hat "Yoke of Ashenzari" {Fort, Elem} (curse)
rElec   +            H - +1 cloak "Chained Polytheism" {Will+, Comp, Melee} (curse)
rCorr   .            G - +0 pair of gloves of the Ensconced Gnosis {Bglg, Cun} (curse)
SInv    +            (boots unavailable)
Will    +++++        n - amulet of the Distant Vexation {Spirit, Elem, Alch} (curse)
Stlth   +            J - ring "Pragmatism of Ashenzari" {rElec rPois Will+ Str-2, =R, Melee, Fort} (curse)
HPRegen 0.53/turn    x - ring "Share My Trepidation" {Fly rF+ Dex+4, Self, Bglg} (curse)
MPRegen 0.28/turn

%: acrobat, clarity, guardian spirit
@: flying, studying Maces & Flails
A: beak, talons 3, evasive flight, acrobatic, clever 1, deformed body,
deterioration 1, shaggy fur 1, teleportitis 2, weak 1, heat vulnerability 1,
MP-powered wands
0: Orb of Zot
}: 5/15 runes: serpentine, barnacled, slimy, silver, abyssal
a: Renounce Religion, Shatter the Chains


You escaped.
You worshipped Ashenzari.
Ashenzari was exalted by your worship.
You visited 12 branches of the dungeon, and saw 54 of its levels.
You visited the Abyss 1 time.
You also visited: Trove and Ice Cave.

You collected 8367 gold pieces.
You spent 2252 gold pieces at shops.


Innate Abilities, Weirdness & Mutations

You have a beak for a mouth.
You have claws for feet.
Your magical flight helps you evade attacks. (EV +4)
You can magically evade attacks while moving or waiting.
Your mind is acute. (Int +4, Str/Dex -1)
Armour fits poorly on your strangely shaped body.
Your body sometimes deteriorates upon taking damage.
You are covered in fur. (AC +1)
You are often teleported next to monsters.
You are weak. (Str -2)
You are vulnerable to heat. (rF-)
You expend magic power (3 MP) to strengthen your wands.


   Skills:
 - Level 24.0(27) Fighting
 - Level 12.0(15.5) Long Blades
 - Level 19.6(22.9) Armour
 - Level 24.1(27) Dodging
 - Level 3.7(6.9) Stealth
 + Level 16.3(19.8) Shields
 - Level 11.9(15.4) Spellcasting
 - Level 15.9(19.4) Conjurations
 - Level 5.1(8.6) Hexes
 - Level 14.9(19.5) Summonings
 - Level 6.8(11.4) Necromancy
 - Level 2.8(5.7) Translocations
 - Level 6.2(8.7) Transmutations
 - Level 4.0(7.2) Ice Magic
 - Level 9.9(13.5) Air Magic
 - Level 2.6(5.4) Earth Magic
 - Level 16.7(20.2) Evocations


You had 2 spell levels left.
You knew the following spells:

 Your Spells              Type           Power      Damage    Failure   Level
a - Bombard               Conj/Erth      34%        9d6       10%         6
b - Apportation           Tloc           96%        N/A       1%          1
c - Yara's Violent Unrav  Hex/Tmut       29%        3d12      9%          5
d - Freezing Cloud        Conj/Ice/Air   36%        6-21      1%          5
e - Vhi's Electric Charg  Tloc/Air       100%       N/A       1%          4
f - Wereblood             Tmut           58%        N/A       1%          2
g - Spellforged Servitor  Conj/Summ      43%        N/A       3%          7
i - Passwall              Tmut/Erth      44%        N/A       1%          2
A - Summon Mana Viper     Hex/Summ       74%        N/A       1%          5
B - Summon Forest         Summ/Tloc      35%        N/A       1%          5
C - Summon Cactus Giant   Summ           43%        N/A       1%          6
H - Animate Dead          Necr           67%        N/A       1%          4
O - Blink                 Tloc           96%        N/A       1%          2

Your spell library contained the following spells:

 Spells                   Type           Power      Damage    Failure   Level
 Magic Dart               Conj           100%       1d8       0%          1
 Summon Small Mammal      Summ           100%       N/A       0%          1
 Searing Ray              Conj           100%       2d8       0%          2
 Foxfire                  Conj/Fire      100%       2x1d9     1%          1
 Freeze                   Ice            100%       1d10      1%          1
 Sandblast                Erth           92%        2d19      1%          1
 Sting                    Tmut/Pois      100%       1d8       1%          1
 Cigotuvi's Dreadful Rot  Necr/Pois/Air  100%       N/A       1%          2
 Ensorcelled Hibernation  Hex/Ice        100%       N/A       1%          2
 Jinxbite                 Hex            100%       N/A       1%          2
 Poisonous Vapours        Pois/Air       100%       N/A       1%          2
 Call Canine Familiar     Summ           87%        N/A       0%          3
 Dazzling Flash           Conj/Hex       100%       N/A       1%          3
 Frozen Ramparts          Ice            100%       1d16      1%          3
 Hailstorm                Conj/Ice       72%        3d15      1%          3
 Mephitic Cloud           Conj/Pois/Air  65%        N/A       1%          3
 Sigil of Binding         Hex            58%        N/A       1%          3
 Stone Arrow              Conj/Erth      100%       3d13      1%          3
 Summon Guardian Golem    Hex/Summ       74%        N/A       1%          3
 Swiftness                Air            72%        N/A       1%          3
 Tukima's Dance           Hex            58%        N/A       1%          3
 Brom's Barrelling Bould  Conj/Erth      69%        2d8       1%          4
 Fulminant Prism          Conj/Hex       36%        3d17      1%          4
 Iskenderun's Mystic Bla  Conj/Tloc      70%        2d14      1%          4
 Summon Ice Beast         Ice/Summ       72%        N/A       1%          4
 Arcjolt                  Conj/Air       40%        1d50      1%          5
 Irradiate                Conj/Tmut      37%        3d24      1%          5
 Iskenderun's Battlesphe  Conj           86%        2d13      1%          5
 Conjure Ball Lightning   Conj/Air       40%        3x3d13    1%          6
 Monstrous Menagerie      Summ           43%        N/A       2%          7
 Summon Hydra             Summ           43%        N/A       2%          7
 Gell's Gravitas          Tloc           48%        N/A       3%          3
 Teleport Other           Tloc           48%        N/A       3%          3
 Silence                  Hex/Air        32%        N/A       3%          5
 Orb of Destruction       Conj           43%        9d12      3%          7
 Fireball                 Conj/Fire      31%        3d13      4%          5
 Dimensional Bullseye     Hex/Tloc       26%        N/A       5%          4
 Leda's Liquefaction      Hex/Erth       26%        N/A       5%          4
 Ignite Poison            Fire/Tmut/Pois 35%        N/A       9%          3
 Volatile Blastmotes      Fire/Tloc      68%        2d15      9%          3
 Borgnjor's Vile Clutch   Necr/Erth      29%        N/A       9%          5
 Manifold Assault         Tloc           48%        N/A       10%         4
 Passage of Golubria      Tloc           48%        N/A       10%         4
 Death Channel            Necr           33%        N/A       14%         6
 Haunt                    Necr/Summ      38%        N/A       16%         7
 Summon Horrible Things   Summ           43%        N/A       22%         8
 Starburst                Conj/Fire      31%        6d9       26%         6
 Lee's Rapid Deconstruct  Erth           23%        3d13*     30%         5
 Alistair's Intoxication  Tmut/Pois      28%        N/A       41%         5
 Malign Gateway           Summ/Tloc      35%        N/A       43%         7
 Olgreb's Toxic Radiance  Pois           20%        N/A       65%         4
 Plasma Beam              Fire/Air       26%        2x1d39    65%         6
 Dispersal                Tloc           24%        N/A       83%         6
 Eringya's Noxious Bog    Tmut/Pois      21%        4d6       94%         6
 Maxwell's Capacitive Co  Air            36%        ∞         95%         8
 Borgnjor's Revivificati  Necr           33%        N/A       99%         8
 Infestation              Necr           33%        N/A       99%         8
 Lehudib's Crystal Spear  Conj/Erth      34%        10d9      99%         8
 Discord                  Hex            29%        N/A       100%        8
 Disjunction              Tloc           24%        N/A       100%        8
 Ignition                 Fire           10%        3d5       100%        8
 Chain Lightning          Conj/Air       40%        3d53      100%        9
 Death's Door             Necr           33%        N/A       100%        9

Inventory:

Hand Weapons
 a - the cursed +9 demon blade of the Gnostic Cynicism (weapon) {elec, long, Dev, Comp}
   (You found it on level 12 of the Dungeon)

   It has a curse which improves the following skills: Devices: Evocations and
   Shapeshifting.
   Companions: Summonings and Necromancy.
Armour
 j - the cursed +4 kite shield "Gaze Upon Infinity" (worn) {rC+ rF+, Comp, Self}
   (You took it off a naga warrior on level 3 of the Snake Pit)

   It has a curse which improves the following skills: Companions: Summonings
   and Necromancy.
   Introspection: Fighting and Spellcasting.
 r - +2 pearl dragon scales {rare=g}
   (You found it on level 3 of the Depths)
 C - the cursed quicksilver dragon scales "Sybil of Ashenzari" (worn) {Will+, rare, Cun, Dev}
   (You found it on level 5 of the Vaults)

   Will+:     It increases your willpower.
   It has a curse which improves the following skills: Cunning: Dodging and
   Stealth.
   Devices:   Evocations and Shapeshifting.
 F - the cursed +0 hat "Yoke of Ashenzari" (worn) {Fort, Elem}
   (You found it on level 15 of the Dungeon)

   It has a curse which improves the following skills: Fortitude: Armour and
   Shields.
   Elements:  Fire Magic, Ice Magic, Air Magic and Earth Magic.
 G - the cursed +0 pair of gloves of the Ensconced Gnosis (worn) {Bglg, Cun}
   (You found it on level 10 of the Dungeon)

   It has a curse which improves the following skills: Beguiling: Conjurations,
   Hexes and Translocations.
   Cunning:   Dodging and Stealth.
 H - the cursed +1 cloak "Chained Polytheism" (worn) {Will+, Comp, Melee}
   (You found it on level 3 of the Elven Halls)

   It has a curse which improves the following skills: Companions: Summonings
   and Necromancy.
   Melee Combat: Short Blades, Long Blades, Axes, Maces & Flails, Polearms,
   Staves and Unarmed Combat.
Jewellery
 n - the cursed amulet of the Distant Vexation (around neck) {Spirit, Elem, Alch}
   (You found it on level 9 of the Dungeon)

   [amulet of guardian spirit]

   Spirit:    It causes incoming damage to be divided between your reserves of
   health and magic.
   It has a curse which improves the following skills: Elements: Fire Magic, Ice
   Magic, Air Magic and Earth Magic.
   Alchemy:   Poison Magic and Transmutations.
 p - the necklace of Bloodlust {Fury *Rage Will++ Int-3 Slay+6}
   (You took it off a deep elf pyromancer on level 3 of the Elven Halls)

   [amulet of nothing]

   Fury:      It extends the wearer's berserk rage when killing foes.
   Int-3:     It affects your intelligence (-3).
   Slay+6:    It affects your accuracy & damage with ranged weapons and melee
   (+6).
   Will++:    It greatly increases your willpower.
   *Rage:     It berserks you when you make melee attacks (+50% chance).
 x - the cursed ring "Share My Trepidation" (right hand) {Fly rF+ Dex+4, Self, Bglg}
   (You found it on level 3 of the Elven Halls)

   [ring of flight]

   Dex+4:     It affects your dexterity (+4).
   rF+:       It protects you from fire.
   Fly:       It grants you flight.
   It has a curse which improves the following skills: Introspection: Fighting
   and Spellcasting.
   Beguiling: Conjurations, Hexes and Translocations.
 J - the cursed ring "Pragmatism of Ashenzari" (left hand) {rElec rPois Will+ Str-2, =R, Melee, Fort}
   (You found it on level 1 of the Snake Pit)

   [ring of willpower]

   Str-2:     It affects your strength (-2).
   rElec:     It insulates you from electricity.
   rPois:     It protects you from poison Will+: It increases your willpower.
   It has a curse which improves the following skills: Melee Combat: Short
   Blades, Long Blades, Axes, Maces & Flails, Polearms, Staves and Unarmed
   Combat.
   Fortitude: Armour and Shields.
Wands
 m - a wand of charming (82)
   (You found it on level 2 of the Dungeon)
 w - a wand of roots (71)
   (You found it on level 5 of the Dungeon)
 A - a wand of digging (8)
   (You found it on level 8 of the Dungeon)
 D - a wand of polymorph (35)
   (You took it off Maurice on level 8 of the Dungeon)
 I - a wand of flame (107)
   (You found it on level 10 of the Dungeon)
 R - a wand of mindburst (46)
   (You found it on level 2 of the Snake Pit)
Scrolls
 c - 10 scrolls of vulnerability {!r!r}
 e - 15 scrolls of teleportation {@r4}
 f - 5 scrolls of blinking {!r}
 h - 6 scrolls of amnesia
 i - 10 scrolls of immolation {!r!r}
 s - 11 scrolls of poison {!r}
 t - a scroll of summoning
 v - 3 scrolls of revelation
 z - 2 scrolls of brand weapon
 P - 3 scrolls of silence {!r}
Potions
 b - 10 potions of magic
 d - 2 potions of resistance
 g - 3 potions of cancellation
 k - 4 potions of curing {@q1}
 q - 10 potions of brilliance
 K - 7 potions of heal wounds {@q2}
 L - a potion of might
 M - 2 potions of haste {@q3}
 O - 9 potions of enlightenment
Miscellaneous
 u - a condenser vane (inert)
   (You found it on level 4 of the Shoals)
 E - a phial of floods
   (You found it on level 5 of the Vaults)
 N - a phantom mirror
   (You found it on level 5 of the Vaults)
 Q - a sack of spiders
   (You found it on level 5 of the Vaults)

Dungeon Overview and Level Annotations

Branches:
Dungeon (15/15)            Temple (1/1) D:7            Lair (5/5) D:8
 Shoals (4/4) Lair:2        Snake (4/4) Lair:3        Slime (5/5) Lair:4
    Orc (2/2) D:10            Elf (3/3) Orc:2        Vaults (5/5) D:13
  Crypt (1/3) Vaults:3     Depths (4/4) D:15            Zot (5/5) Depths:4
  IceCv (visited)

Altars:
Ashenzari
Cheibriados
Dithmenos
Elyvilon
Fedhas
Gozag
Hepliaklqana
Kikubaaqudgha
Makhleb
Nemelex Xobeh
Okawaru
Qazlal
Ru
Sif Muna
Trog
Uskayaw
Vehumet
Wu Jian
Xom
Yredelemnul
Zin
The Shining One
Jiyva

Shops:
D:4 *   Orc:2 =((*   Elf:2 (*   Elf:3 ?   Shoals:3 *   Snake:2 =::   Snake:3 :
Snake:4 [?*!*   Vaults:1 (   Vaults:4 (   Depths:1 [   Depths:2 [

Portals:
Hell: Depths:1 Depths:2 Depths:3 Depths:4
Abyss: Depths:3
Pandemonium: Depths:2
Ziggurat: Depths:4

Annotations:
D:3 exclusion: ice beast
D:6 1 runed translucent door, Dirtsage's ghost, novice OpSh
D:10 exclusion: gargoyle
D:11 exclusion: 5 skeletal warriors
D:14 3 runed translucent doors, Anay's ghost, journeyman FoFi
Snake:2 3 runed translucent doors, Aizul; Mlioglotl; Sagen's ghost, adept DrCj; Saint Roka; Vashnia
Snake:3 exclusion: downstairs, Louise
Snake:4 3 runed translucent doors, exclusions: obsidian statue and 1 more exclusion, Douf's ghost, adept MiBe
Orc:2 exclusion: upstairs
Elf:2 3 runed translucent doors
Vaults:1 exclusion: downstairs, Heidiaz's ghost, adept MfBe
Vaults:2 2 transporters, Kamets Paeg's ghost, master HuCj
Depths:4 4 exclusions
Zot:1 exclusion: downstairs
Zot:3 exclusion: 2 downstairs
Zot:5 exclusion: 2 upstairs

### #######.### ##.........##
#..♣..@..♣..# ##..........##
##### #####
#####'#####.######....
##...######...#####....######
#.......................#####
#..⌠........⌠........⌠..##{..
#.......................##...
##...######...######....##...
##'## ##>## ##'##.###.


There were no monsters in sight!


Message History

Your mp is fully restored (43).
Casting: Wereblood (safe; 1% risk of failure)
Confirm with . or Enter, or press ? or * to list all spells.
You summon a servant imbued with your destructive magic!
Unknown command. 😎 MP[-7]
You lost 7 mp, and now have 36/43 mp.
The blizzard demon gestures at you. The freezing blast misses you.
Your spellforged servitor is engulfed in freezing vapours.
You are engulfed in freezing vapours.
You resist.
Your spellforged servitor points at the blizzard demon and mumbles some strange words.
The iron shot hits the blizzard demon!!!
Your spellforged servitor is knocked back by the blast. 😕 HP[-2] MP[-1]
You take 2 damage, and now have 197/199 hp.
You lost 1 mp, and now have 35/43 mp. 😕 MP[+1] 😕 HP[+1]
The blizzard demon waves its arms in wide circles.
The air twists around and strikes your spellforged servitor!
Your spellforged servitor gestures at the blizzard demon while chanting.
The iron shot misses the blizzard demon.
Your spellforged servitor is knocked back by the blast.
The blizzard demon gestures at something. 😎 HP[+1] MP[+1]
Your hp is fully restored (199).
The blizzard demon gestures at something.
Aiming: Dig
Press: ? - help, Shift-Dir - straight line This square is covered in magical glow.
You feel a surge of power!
The rock shatters into small pieces. 😎 MP[-3]
You lost 3 mp, and now have 34/43 mp.
A bolt of cold appears from out of your range of vision. 😎 MP[+1]
A bolt of cold appears from out of your range of vision.
There is an escape hatch in the ceiling here. 😎 MP[+1]
A mysterious force pulls you upwards. The hatch slams shut behind you.
Level annotation: exclusion: ice beast What level of the Dungeon? (default 1, ? - help)
There is a stone staircase leading up here.
You fly upwards.
There is a stone staircase leading down here.
There is a stone staircase leading up here.
You fly upwards.
There is a stone staircase leading down here. 😎 MP[+7]
Your mp is fully restored (43).
Okay, then.
Unknown command.
Unknown command.
You sense a monster nearby.
Casting: Spellforged Servitor (dangerous; 3% risk of failure)
Confirm with . or Enter, or press ? or * to list all spells.
You summon a servant imbued with your destructive magic!
A Tzitzimitl comes into view. 😎 MP[-7]
You lost 7 mp, and now have 36/43 mp.
Casting: Spellforged Servitor (dangerous; 3% risk of failure)
Confirm with . or Enter, or press ? or * to list all spells.
Okay, then.
Your spellforged servitor points at the Tzitzimitl and mumbles some strange words.
The iron shot hits the Tzitzimitl!!
Your spellforged servitor is knocked back by the blast. 😎 MP[+1] Unknown command.
Your spellforged servitor gestures at the Tzitzimitl while chanting.
The iron shot hits the Tzitzimitl!!! 😎 MP[+1]
Your spellforged servitor casts a spell at the Tzitzimitl.
The iron shot hits the Tzitzimitl!!!
The Tzitzimitl engulfs your spellforged servitor!!
The Tzitzimitl bites your spellforged servitor! 😎 MP[+1]
Something engulfs your spellforged servitor!
Something drains your spellforged servitor's vigour!
Your spellforged servitor seems to slow down.
Something closely misses your spellforged servitor. 😎 MP[+1]
Aiming: Dig
Press: ? - help, Shift-Dir - straight line A rock wall.
This square is covered in magical glow.
You feel a surge of power!
The rock shatters into small pieces. 😎 MP[-3]
You lost 3 mp, and now have 37/43 mp. 😎 MP[+1]
There is a fountain of clear blue water here.
Aiming: Dig
Press: ? - help, Shift-Dir - straight line This square is covered in magical glow.
You feel a surge of power!
The rock shatters into small pieces. 😎 MP[-2]
You lost 2 mp, and now have 36/43 mp. 😎 MP[+1] 😎 MP[+1]
There is a staircase leading out of the dungeon here.
You have escaped!

Skill      XL: |  1  2  3  4  5  6  7  8  9 10 11 12 13 14 15 16 17 18 19 20 21 22 23 24 25 26 27 |
---------------+----------------------------------------------------------------------------------+-----
Fighting       | 1 2 3 4 6 8 10 12 13 15 18 19 20 21 24 | 24.0
Conjurations   | 6 7 9 12 15 | 15.9
Spellcasting   | 3 4 5 6 8 10 11 | 11.9
Hexes          | 1 3 4 5 |  5.1
Dodging        | 3 4 5 8 10 12 13 15 17 19 20 22 24 | 24.1
Shields        | 5 10 13 15 16 | 16.3
Stealth        | 3 |  3.7
Air Magic      | 5 6 8 9 |  9.9
Ice Magic      | 3 4 |  4.0
Evocations     | 5 14 16 | 16.7
Summonings     | 1 7 9 12 14 | 14.9
Armour         | 4 5 9 19 | 19.6
Translocations | 1 2 |  2.8
Long Blades    | 8 12 | 12.0
Transmutations | 1 4 5 6 |  6.2
Earth Magic    | 2 |  2.6
Necromancy     | 6 |  6.8

Action                     |  1- 3 |  4- 6 |  7- 9 | 10-12 | 13-15 | 16-18 | 19-21 | 22-24 | 25-27 || total
---------------------------+-------+-------+-------+-------+-------+-------+-------+-------+-------++-------
  Melee: Dagger            |       |     4 |     2 |       |   114 |       |       |       |       ||   120
         Kick              |       |     1 |       |       |    63 |   266 |   439 |   463 |   820 ||  2052
         Peck              |       |       |     1 |       |    28 |   165 |   280 |   315 |   521 ||  1310
         Demon blade       |       |       |       |       |     1 |   592 |   917 |   813 |  1398 ||  3721
   Fire: Sling             |       |       |     4 |    40 |   156 |       |       |       |       ||   200
  Throw: Throwing net      |       |       |       |     3 |       |       |       |       |       ||     3
   Cast: Magic Dart        |    67 |    81 |    76 |    87 |    24 |       |       |       |       ||   335
         Searing Ray       |     3 |     9 |    33 |    37 |    18 |     1 |       |       |       ||   101
         Fulminant Prism   |       |     1 |    30 |    49 |     6 |     8 |     1 |       |       ||    95
         Freezing Cloud    |       |       |       |    65 |   222 |   227 |   128 |    64 |    27 ||   733
         Summon Mana Viper |       |       |       |     4 |    98 |    59 |    12 |    19 |    25 ||   217
         Summon Forest     |       |       |       |       |    30 |    26 |     8 |     9 |    13 ||    86
         Vhi's Electric Ch |       |       |       |       |       |     3 |     1 |       |       ||     4
         Summon Cactus Gia |       |       |       |       |       |    30 |    18 |    15 |     9 ||    72
         Wereblood         |       |       |       |       |       |       |    16 |    10 |    18 ||    44
         Apportation       |       |       |       |       |       |       |     1 |     1 |     1 ||     3
         Spellforged Servi |       |       |       |       |       |       |    29 |   129 |   146 ||   304
         Bombard           |       |       |       |       |       |       |       |     7 |     3 ||    10
         Yara's Violent Un |       |       |       |       |       |       |       |     5 |     9 ||    14
         Animate Dead      |       |       |       |       |       |       |       |     3 |    17 ||    20
         Blink             |       |       |       |       |       |       |       |       |     1 ||     1
 Invoke: Curse Item        |       |       |     1 |     5 |     3 |     4 |     2 |     2 |     2 ||    19
         Shatter the Chain |       |       |       |       |     4 |     2 |     1 |     2 |     1 ||    10
  Evoke: Wand              |       |       |     5 |    14 |    12 |    18 |     6 |     4 |    23 ||    82
         Condenser vane    |       |       |       |       |       |       |       |     1 |     3 ||     4
         Sack of spiders   |       |       |       |       |       |       |       |       |     2 ||     2
         Phantom mirror    |       |       |       |       |       |       |       |       |     1 ||     1
    Use: Scroll            |       |     4 |     3 |     3 |     4 |    10 |     7 |     6 |    52 ||    89
         Potion            |       |       |       |       |       |     2 |       |       |    40 ||    42
   Stab: Sleeping          |       |       |     1 |       |     5 |     4 |    13 |     9 |    11 ||    43
         Distracted        |       |       |       |       |     3 |    11 |    12 |    40 |    54 ||   120
         Fleeing           |       |       |       |       |       |     1 |       |       |       ||     1
         Invisible         |       |       |       |       |       |       |       |       |     5 ||     5
 Armour: Robe              |     3 |     5 |    23 |    35 |    98 |       |       |       |       ||   164
         Leather armour    |       |       |       |       |     5 |   216 |   178 |   174 |    38 ||   611
         Quicksilver drago |       |       |       |       |       |       |       |       |   424 ||   424
         Ring mail         |       |       |       |       |       |       |       |       |    18 ||    18
  Dodge: Dodged            |    10 |    17 |    66 |   102 |   365 |   597 |   573 |   528 |   914 ||  3172
  Block: Buckler           |       |       |       |    24 |   101 |   161 |       |       |       ||   286
         Kite shield       |       |       |       |       |       |   236 |   679 |   598 |  1093 ||  2606

Levels and vault maps discovered:
D:1:      minmay_arrival_split_and_join, layout_loops_ring,
          hangedman_decor_points
D:2:      layout_basic, basic_altar, kennysheep_generic_room_3
D:3:      minmay_wonky_spiral, layout_loops_ring, serial_bayou_ford_a
D:4:      layout_gridville, skrybe_limestone_x, guppyfry_shop_venom
D:5:      cheibrodos_fzero, layout_gridville, minmay_overflow_temple_hex
D:6:      layout_loops_cross, ebering_ghost_reflecting_pool
D:7:      minmay_slanted_spiral_squares, layout_basic, minmay_temple_entry_tees,
          uniq_joseph, uniq_pikel
D:8:      layout_loops_ring, lair_entry_dummy, uniq_maurice
D:9:      layout_grid_maze, jmf_multi_god_temple2
D:10:     layout_loops_ring, orc_0_dummy, uniq_fannar, uniq_sonja
D:11:     layout_basic, jiyva_altar_1
D:12:     layout_irregular_city, serial_park_tiny_1
D:13:     layout_loops_corners, david_vaults_4, uniq_snorg
D:14:     layout_long_grid, gammafunk_ghost_split
D:15:     gammafunk_depths_entry_grave, layout_rooms,
          chequers_serial_rivers_large_a, hellmonk_guarded_unrand_lears
Temple:   eino_narrow_crystal_temple
Lair:1:   layout_layer_cave, chequers_serial_rivers_large_b, grunt_megastairs_2,
          serial_bayou_shore_a, lemuel_fruit_tree
Lair:2:   layout_misc_corridors, elwin_shoals_entry_rocks,
          chequers_serial_rivers_room_a
Lair:3:   layout_gridlike, alex1729_snake_entry_snake, uniq_nergalle,
          uniq_nessos
Lair:4:   layout_gridlike, nicolae_slime_entry_field_trip
Lair:5:   grunt_lair_end_beastmaster, layout_small_grid, st_stairs_10
Shoals:1: layout_shoals
Shoals:2: layout_shoals, portal_ice_cave_entry_frozen_things, uniq_ilsuiw,
          uniq_polyphemus
Shoals:3: layout_shoals, serial_shops, shop
Shoals:4: shoals_end_hellmonk_storm_palace [storm_palace_center_circular,
          storm_palace_corner_pillars, storm_palace_corner_grid,
          storm_palace_corner_reverse_hut, storm_palace_corner_altar]
Snake:1:  layout_gridlike, serial_bayou_pond_c
Snake:2:  layout_onion, ebering_ghost_rock_garden, hangedman_snake_sidewinding,
          minmay_shop_grove, uniq_mlioglotl, uniq_saint_roka, uniq_aizul,
          uniq_vashnia
Snake:3:  hangedman_cross_stitches, layout_chambers, nicolae_shop_vocational,
          uniq_jorgrun, uniq_louise, uniq_asterion
Snake:4:  snake_hunt, layout_misc_corridors, serial_shops,
          nicolae_shop_hallway_stairs, ebering_ghost_gozag, lightli_airlock,
          minmay_shoptagon, uniq_agnes
Slime:1:  layout_caves
Slime:2:  layout_caves, special_room [special_room_jelly],
          cheibrodos_slime_lost_civilization_5
Slime:3:  cheibrodos_slime_lost_civilization_1, layout_caves
Slime:4:  layout_caves, uniq_dissolution
Slime:5:  slime_pit_nicolae_block_by_block
Orc:1:    layout_caves
Orc:2:    st_orc_pillars, layout_caves, basic_altar
Elf:1:    eino_elf_arrival_the_gate, layout_gridlike,
          nicolae_trove_entry_diagonal, minivault_28
Elf:2:    nicolae_elf_blades_splatter_lattice
          [nicolae_blade_entry_floor_patterns], layout_rooms, serial_shops,
          nicolae_shop_overgrown_old_shop, nicolae_stop_n_shop_1
Elf:3:    minmay_elf_hall_four_x, layout_rooms, serial_shops, shop,
          small_chamber_with_monster
Vaults:1: gammafunk_ghost_wrathful_warriors, nicolae_vaults_cornered_office,
          vaults_dpeg_encased_lava, ontoclasm_vaults_ring_large,
          nicolae_vaults_network_s, nicolae_vaults_branching_niches,
          nicolae_vaults_diamond_2, nicolae_vaults_taking_the_gang_shopping,
          layout_vaults_big_room
Vaults:2: gammafunk_ghost_mausoleum, v_misc_4, abrahamwl_protected_by_tso_2,
          nicolae_vaults_wrenched, nicolae_vaults_hexular_roomagon,
          nicolae_vaults_circle_grid_b, nicolae_vaults_angled_halls,
          nicolae_vaults_storage_closets_1, nicolae_vaults_door_testing_chamber,
          layout_vaults_omnibox
Vaults:3: ontoclasm_vaults_spin, nicolae_vaults_little_guard_posts,
          nicolae_vaults_swerve, ontoclasm_vaults_shuriken,
          minmay_crypt_entry_simple_corners, ontoclasm_vaults_decontamination,
          layout_vaults_omnigrid
Vaults:4: vaults_mumra_chevron, v_misc_29, ontoclasm_vaults_tryst,
          nicolae_vaults_arrows, hangedman_vaults_snaps, hangedman_vaults_trim,
          v_misc_11, nicolae_vaults_hallways_thing,
          nicolae_vaults_trapezoid_lopsided_1, nicolae_vaults_sightless_eye,
          nicolae_vaults_trapezoid_layered, nicolae_vaults_trapezoid_lopsided_1,
          layout_vaults_omnicross, serial_shops,
          nicolae_shop_bloodbath_and_beyond, uniq_donald, uniq_norris,
          uniq_jory, uniq_mara
Vaults:5
Crypt:1:  layout_gridlike, grunt_crypt_arrival_guarded_gate, grunt_megastairs_1,
          uniq_frederick
Depths:1: layout_cave_pools, hellmouth_1, minmay_misc_feat_secret_circle,
          nicolae_wooded_promenade, dancing_weapons_uskayaw
Depths:2: kennysheep_large_vault, layout_basic, grunt_pan_entry_spiral,
          hell_entry, serial_shops, kennysheep_mini_moat, nrook_mini_backslash,
          st_stairs_1, eino_small_chamber_without_monster, minivault_15,
          minmay_liquid_box
Depths:3: box_level_dp, abyss_entry, hell_entry, serial_shops
Depths:4: grunt_zot_entry_bicorn, layout_basic, enter_ziggurat_d, pf_coc_iceberg
Zot:1:    layout_misc_corridors, nicolae_rock_paper_scissors
Zot:2:    layout_onion_interference, basic_altar
Zot:3:    layout_misc_corridors, grunt_megastairs_5
Zot:4:    hellmonk_paralyzer, layout_misc_corridors, grunt_ministairs_11,
          zot_minivault_3
Zot:5:    layout_gridlike, basic_altar, lemuel_flame_loot_1

Notes
Turn   | Place    | Note
-------+----------+-------------------------------------------
     0 | D:1      | MackTheKnife the Tengu Conjurer began the quest for the
                  | Orb.
     0 | D:1      | Reached XP level 1. HP: 10/10 MP: 4/4
     0 | D:1      | magus.rc [v1.9.6]
   368 | D:1      | Reached skill level 1 in Fighting
   368 | D:1      | Reached XP level 2. HP: 16/16 MP: 4/6
   391 | D:1      | Learned a level 2 spell: Searing Ray
  1054 | D:1      | Reached XP level 3. HP: 21/21 MP: 4/7
  1475 | D:2      | Reached skill level 6 in Conjurations
  1679 | D:2      | Reached skill level 2 in Fighting
  1964 | D:2      | Found a sparkling altar of Nemelex Xobeh.
  2082 | D:2      | Reached XP level 4. HP: 26/26 MP: 1/8
  2146 | D:2      | Learned a level 4 spell: Fulminant Prism
  3149 | D:3      | Noticed an ice beast
  3546 | D:3      | Reached XP level 5. HP: 31/31 MP: 2/10
  3972 | D:4      | Reached skill level 3 in Fighting
  4032 | D:4      | Found Cioq's Serpentskin Sales.
  4032 | D:4      | Noticed a water moccasin
  4180 | D:4      | Reached skill level 3 in Spellcasting
  4660 | D:4      | Reached skill level 7 in Conjurations
  4660 | D:4      | Reached XP level 6. HP: 37/37 MP: 5/12
  4929 | D:5      | Entered Level 5 of the Dungeon
  5201 | D:5      | Noticed a black bear
  5346 | D:5      | Found a stormy altar of Qazlal.
  5346 | D:5      | Found a bloodstained altar of Trog.
  5346 | D:5      | Found an ancient bone altar of Kikubaaqudgha.
  5346 | D:5      | Found a radiant altar of Vehumet.
  5352 | D:5      | Found an iron altar of Okawaru.
  5352 | D:5      | Found a basalt altar of Yredelemnul.
  5509 | D:5      | Noticed an orc warrior
  5627 | D:5      | Reached skill level 1 in Hexes
  5896 | D:5      | Gained mutation: Your magical flight helps you evade
                  | attacks. (EV +4) [Tengu growth]
  5896 | D:5      | Reached XP level 7. HP: 41/41 MP: 6/13
  5966 | D:5      | Reached skill level 4 in Spellcasting
  5966 | D:5      | Reached skill level 8 in Conjurations
  6085 | D:5      | Reached skill level 2 in Hexes
  6797 | D:5      | Reached skill level 9 in Conjurations
  6843 | D:5      | Reached skill level 3 in Hexes
  6843 | D:5      | Reached XP level 8. HP: 46/46 MP: 4/15
  7520 | D:5      | Reached skill level 10 in Conjurations
  7750 | D:6      | You add the spells Cigotuvi's Dreadful Rot, Ignite Poison
                  | and Freezing Cloud to your library.
  7956 | D:6      | You pick up a book of Party Tricks and begin reading...
  7956 | D:6      | You add the spells Apportation, Jinxbite and Alistair's
                  | Intoxication to your library.
  7999 | D:6      | Found a runed translucent door.
  8004 | D:6      | Noticed Dirtsage's ghost (novice OpSh)
  8126 | D:6      | Noticed a vampire
  8707 | D:7      | Reached skill level 11 in Conjurations
  8839 | D:7      | Found a staircase to the Ecumenical Temple.
  9139 | D:7      | Noticed Joseph
  9315 | D:7      | Noticed Pikel
  9323 | D:7      | Killed Pikel
  9324 | D:7      | Reached skill level 12 in Conjurations
  9324 | D:7      | Reached skill level 4 in Fighting
  9324 | D:7      | Reached skill level 3 in Dodging
  9324 | D:7      | Reached XP level 9. HP: 52/52 MP: 0/16
  9488 | Temple   | Entered the Ecumenical Temple
  9494 | Temple   | Became a worshipper of Ashenzari the Shackled
  9581 | D:7      | Reached skill level 1 in Shields
  9735 | D:7      | You pick up a book of Burglary and begin reading...
  9735 | D:7      | You add the spells Passwall, Ensorcelled Hibernation and
                  | Swiftness to your library.
  9800 | D:7      | Killed Joseph
  9801 | D:7      | Reached skill level 3 in Shields
  9939 | D:7      | You pick up a book of Frost and begin reading...
  9939 | D:7      | You add the spells Freeze, Frozen Ramparts and Hailstorm to
                  | your library.
 10034 | D:7      | Noticed a kobold demonologist
 10037 | D:7      | Reached skill level 4 in Shields
 10041 | D:7      | Noticed a sun demon
 10042 | D:7      | Killed a kobold demonologist
 10043 | D:7      | Reached skill level 5 in Shields
 10043 | D:7      | Reached skill level 4 in Dodging
 10054 | D:7      | Reached skill level 5 in Fighting
 10167 | D:7      | Noticed a kobold demonologist
 10173 | D:7      | Noticed a hellwing
 10600 | D:8      | Noticed Maurice
 10617 | D:8      | Killed Maurice
 10618 | D:8      | Reached skill level 6 in Fighting
 10618 | D:8      | Reached XP level 10. HP: 60/60 MP: 2/17
 10639 | D:7      | Identified the cursed +1 sling of the Cryptic Fetters
                  | {flame, Cun, Range} (You took it off Joseph on level 7 of
                  | the Dungeon)
 10856 | D:8      | Reached skill level 5 in Dodging
 11379 | D:8      | You pick up a book of the Wilderness and begin reading...
 11379 | D:8      | You add the spells Summon Forest, Summon Mana Viper and
                  | Summon Cactus Giant to your library.
 11472 | D:8      | Reached skill level 3 in Stealth
 11724 | D:8      | Reached * piety under Ashenzari
 11751 | D:8      | Learned a level 5 spell: Freezing Cloud
 11887 | D:8      | Reached skill level 1 in Air Magic
 11896 | D:8      | Reached skill level 1 in Ice Magic
 12037 | D:8      | Found a staircase to the Lair.
 12182 | D:8      | Reached skill level 2 in Air Magic
 12427 | D:9      | Noticed a boulder beetle
 12451 | D:9      | Reached skill level 2 in Ice Magic
 12451 | D:9      | Reached skill level 3 in Air Magic
 12713 | D:9      | Reached skill level 5 in Spellcasting
 12718 | D:9      | Reached skill level 4 in Air Magic
 13126 | D:9      | Reached skill level 3 in Ice Magic
 13237 | D:9      | Found a large runed translucent door.
 13237 | D:9      | Found a large runed translucent door.
 13257 | D:9      | Reached skill level 5 in Air Magic
 14093 | D:9      | You pick up a book of Weapons and begin reading...
 14093 | D:9      | You add the spells Tukima's Dance and Dimensional Bullseye
                  | to your library.
 14253 | D:10     | Entered Level 10 of the Dungeon
 14253 | D:10     | Noticed Fannar
 14324 | D:9      | Reached XP level 11. HP: 64/64 MP: 12/20
 14551 | D:9      | Reached skill level 4 in Ice Magic
 14632 | D:9      | Reached skill level 6 in Spellcasting
 14632 | D:9      | Reached skill level 6 in Air Magic
 14846 | D:10     | Reached ** piety under Ashenzari
 15043 | D:10     | Found a staircase to the Orcish Mines.
 15154 | D:10     | Killed Fannar
 15155 | D:10     | Reached skill level 2 in Evocations
 15368 | D:10     | Reached skill level 3 in Evocations
 15670 | D:10     | Noticed a two-headed ogre
 15679 | D:10     | Killed a two-headed ogre
 15680 | D:10     | Reached skill level 4 in Evocations
 15721 | D:10     | Noticed Sonja
 15866 | Lair:1   | Entered Level 1 of the Lair of Beasts
 15994 | Lair:1   | Reached skill level 5 in Evocations
 16139 | Lair:1   | Reached skill level 6 in Dodging
 16310 | Lair:1   | Reached *** piety under Ashenzari
 16732 | Lair:1   | Noticed a death yak
 16737 | Lair:1   | Noticed a death yak
 16834 | Lair:1   | Killed a death yak
 16835 | Lair:1   | Reached skill level 7 in Fighting
 16847 | Lair:1   | Noticed a death yak
 16859 | Lair:1   | Killed a death yak
 16860 | Lair:1   | Reached skill level 7 in Dodging
 16993 | Lair:1   | Noticed a death yak
 17001 | Lair:1   | Killed a death yak
 17006 | Lair:1   | Killed a death yak
 17153 | Lair:1   | Reached skill level 8 in Dodging
 17220 | Lair:1   | Learned a level 5 spell: Summon Mana Viper
 17752 | Lair:2   | Reached skill level 8 in Fighting
 17752 | Lair:2   | Reached skill level 1 in Summonings
 17755 | Lair:2   | Reached XP level 12. HP: 56/73 MP: 10/22
 17873 | Lair:2   | Reached skill level 2 in Summonings
 17963 | Lair:2   | Reached skill level 3 in Summonings
 18104 | Lair:2   | Noticed a skyshark
 18184 | Lair:2   | Killed a skyshark
 18185 | Lair:2   | Reached skill level 9 in Dodging
 18185 | Lair:2   | Reached skill level 4 in Summonings
 18231 | Lair:2   | Reached skill level 5 in Summonings
 18696 | Lair:2   | Reached skill level 6 in Summonings
 18771 | Lair:2   | Noticed an eight-headed hydra
 18782 | Lair:2   | Killed an eight-headed hydra
 18890 | Lair:2   | Found a staircase to the Shoals.
 19002 | Lair:3   | Noticed Nergalle
 19009 | Lair:3   | Reached **** piety under Ashenzari
 19009 | Lair:3   | Killed Nergalle
 19038 | Lair:3   | Reached skill level 7 in Spellcasting
 19264 | Lair:3   | Reached skill level 7 in Summonings
 19386 | Lair:3   | Reached skill level 8 in Spellcasting
 19643 | Lair:3   | Noticed an eight-headed hydra
 19649 | Lair:3   | Killed an eight-headed hydra
 20016 | Lair:3   | Noticed a four-headed hydra
 20022 | Lair:3   | Killed a four-headed hydra
 20069 | Lair:3   | Reached skill level 10 in Dodging
 20069 | Lair:3   | Reached XP level 13. HP: 80/80 MP: 26/26
 20148 | Lair:3   | Noticed Nessos
 20151 | Lair:3   | Nessos changed into Nessos the wind drake
 20151 | Lair:3   | Noticed Nessos
 20155 | Lair:3   | Killed Nessos the wind drake
 20156 | Lair:3   | Reached skill level 9 in Fighting
 20520 | Lair:3   | Found a staircase to the Snake Pit.
 20706 | Lair:4   | Identified the of Pyse
 21054 | Lair:4   | Reached skill level 11 in Dodging
 21123 | Lair:4   | Reached skill level 10 in Fighting
 21307 | Lair:4   | You pick up a book of the Warp and begin reading...
 21307 | Lair:4   | You add the spells Manifold Assault, Dispersal and
                  | Disjunction to your library.
 21544 | Lair:4   | You pick up a book of the Earth and begin reading...
 21544 | Lair:4   | You add the spells Leda's Liquefaction, Lee's Rapid
                  | Deconstruction and Bombard to your library.
 21573 | Lair:4   | Reached skill level 1 in Armour
 21581 | Lair:4   | Reached skill level 2 in Armour
 21730 | Lair:4   | You add the spells Brom's Barrelling Boulder and Borgnjor's
                  | Revivification to your library.
 21829 | Lair:4   | Reached skill level 3 in Armour
 22056 | Lair:4   | Found a viscous altar of Jiyva.
 22061 | Lair:4   | Found a staircase to the Slime Pits.
 22104 | Lair:4   | Reached ***** piety under Ashenzari
 22511 | Lair:5   | Entered Level 5 of the Lair of Beasts
 22542 | Lair:5   | Reached skill level 4 in Armour
 22611 | Lair:5   | Reached skill level 7 in Air Magic
 22628 | Lair:5   | Reached skill level 8 in Air Magic
 23317 | Lair:5   | Reached skill level 12 in Dodging
 24221 | Lair:5   | Learned a level 5 spell: Summon Forest
 24244 | Lair:5   | Reached skill level 1 in Translocations
 24361 | Lair:5   | Reached XP level 14. HP: 88/88 MP: 26/27
 24573 | Lair:5   | Reached skill level 2 in Translocations
 24575 | Lair:5   | Reached skill level 8 in Summonings
 24597 | Lair:5   | Reached skill level 9 in Summonings
 25029 | Orc:1    | Entered Level 1 of the Orcish Mines
 25169 | Orc:2    | Entered Level 2 of the Orcish Mines
 25178 | Orc:2    | Paralysed by an orc sorcerer for 4 turns
 25711 | Orc:2    | Found a staircase to the Elven Halls.
 27523 | Orc:2    | Reached skill level 11 in Fighting
 27642 | Orc:2    | Reached skill level 13 in Dodging
 27937 | Orc:2    | Found Rumud's Jewellery Shoppe.
 27937 | Orc:2    | Found Tokheim's General Store.
 27938 | Orc:2    | Found Alekhe's Antique Weapon Shoppe.
 27938 | Orc:2    | Found Anlooc's Weapon Emporium.
 27949 | Orc:2    | Bought a scroll of blinking for 112 gold pieces
 27956 | Orc:2    | Bought the +6 dagger of Plunder {vamp, rElec rF+ Str+3
                  | Dex+4} for 932 gold pieces
 28063 | Orc:1    | Reached skill level 12 in Fighting
 28930 | D:9      | Found a sparkling altar of Nemelex Xobeh.
 28935 | D:9      | Found a blossoming altar of Fedhas.
 29971 | D:11     | Found a viscous altar of Jiyva.
 29983 | D:11     | Reached XP level 15. HP: 86/96 MP: 12/28
 30889 | D:11     | magus.rc [v1.9.6]
 31263 | D:12     | Reached skill level 9 in Spellcasting
 31339 | D:12     | Reached skill level 10 in Summonings
 31440 | D:12     | You add the spells Vhi's Electric Charge, Arcjolt and
                  | Maxwell's Capacitive Coupling to your library.
 32161 | D:13     | Identified the +0 leather armour of the Tundras {Regen+
                  | Dex+5}
 32455 | D:13     | Noticed Snorg
 32794 | D:4      | Bought a +1 leather armour of poison resistance for 154
                  | gold pieces
 33384 | D:13     | Found a gate to the Vaults.
 33441 | D:13     | Killed Snorg
 33580 | D:13     | Reached skill level 11 in Summonings
 34214 | D:14     | Found a runed translucent gate.
 34215 | D:14     | Found a runed translucent gate.
 34215 | D:14     | Noticed Anay's ghost (journeyman FoFi)
 34216 | D:14     | Found a runed translucent gate.
 34349 | D:14     | Reached skill level 10 in Spellcasting
 34667 | D:14     | Reached skill level 12 in Summonings
 34726 | D:14     | Reached skill level 1 in Long Blades
 34988 | D:14     | You pick up a book of Chaos and begin reading...
 34988 | D:14     | You add the spells Conjure Ball Lightning and Discord to
                  | your library.
 35005 | D:14     | Reached skill level 2 in Long Blades
 35218 | D:15     | Entered Level 15 of the Dungeon
 35307 | D:15     | Reached skill level 3 in Long Blades
 35493 | D:15     | Reached skill level 4 in Long Blades
 35632 | D:15     | Reached skill level 5 in Long Blades
 35797 | D:15     | Identified the +1 helmet "Zuiczo" {Stlth+}
 35894 | D:15     | Found the +18 Lear's hauberk
 35986 | D:15     | Reached skill level 6 in Long Blades
 36250 | D:15     | Found a staircase to the Depths.
 36386 | D:15     | Reached skill level 7 in Long Blades
 36635 | D:10     | Killed Sonja
 36816 | Snake:1  | Entered Level 1 of the Snake Pit
 37087 | Snake:1  | Reached skill level 8 in Long Blades
 37091 | Snake:1  | Reached XP level 16. HP: 94/101 MP: 29/31
 37260 | Snake:1  | Learned a level 4 spell: Vhi's Electric Charge
 37362 | Snake:1  | Identified the +2 mace of Miesij {flame, rElec rPois rN++
                  | Int+3}
 37493 | Snake:1  | Identified the ring "Teont" {rElec rPois Will+ Str-2}
 37998 | Snake:1  | Reached skill level 9 in Long Blades
 38255 | Snake:2  | Identified the "Taafiats"
 38414 | Snake:2  | Found a runed translucent gate.
 38414 | Snake:2  | Found a runed translucent gate.
 38415 | Snake:2  | Found a runed translucent gate.
 38417 | Snake:2  | Noticed Sagen's ghost (adept DrCj)
 38443 | Snake:2  | Noticed Vashnia
 38577 | Snake:2  | Reached skill level 10 in Long Blades
 39040 | Snake:2  | Noticed Mlioglotl
 39110 | Snake:2  | Reached skill level 11 in Long Blades
 39444 | Snake:2  | Noticed a nagaraja
 39573 | Snake:1  | Killed a nagaraja
 39758 | Snake:2  | Noticed a nagaraja
 39769 | Snake:2  | Killed a nagaraja
 39786 | Snake:2  | Reached skill level 12 in Long Blades
 39914 | Snake:2  | You add the spells Sandblast, Sting and Olgreb's Toxic
                  | Radiance to your library.
 40023 | Snake:2  | Noticed a nagaraja
 40049 | Snake:2  | Reached skill level 14 in Dodging
 40672 | Snake:2  | Found Sico Duimn's Book Shoppe.
 40674 | Snake:2  | Found Gaep's Jewellery Boutique.
 40675 | Snake:2  | Found Pasimef's Book Shoppe.
 40683 | Snake:2  | Bought a book of Changes for 378 gold pieces
 40683 | Snake:2  | You pick up a book of Changes and begin reading...
 40683 | Snake:2  | You add the spells Wereblood and Irradiate to your library.
 40686 | Snake:2  | Learned a level 2 spell: Wereblood
 40762 | Snake:2  | Killed a nagaraja
 40947 | Snake:2  | Identified the serpent talisman of Ywkynn {rF+ rC+ Will-
                  | Dex+5}
 40947 | Snake:2  | Noticed Aizul
 41180 | Snake:2  | Noticed Saint Roka
 41522 | Snake:3  | Noticed Louise
 42100 | Snake:3  | Reached skill level 13 in Fighting
 42186 | Snake:3  | Reached skill level 15 in Dodging
 42632 | Snake:3  | Noticed Asterion
 42648 | Snake:3  | Killed Asterion
 42649 | Snake:3  | Reached XP level 17. HP: 98/109 MP: 2/32
 42926 | Snake:3  | Noticed Jorgrun
 43479 | Snake:3  | Found Wyuf's Vocational Training.
 43640 | Snake:3  | Killed Jorgrun
 43679 | Snake:4  | Entered Level 4 of the Snake Pit
 43890 | Snake:4  | Found Xudurisch's Armour Shop.
 43955 | Snake:4  | Found Pacorega's Distillery.
 43955 | Snake:4  | Found Qekagrur's Assorted Antiques.
 43956 | Snake:4  | Found Vitaenieg's Magic Scroll Boutique.
 43960 | Snake:4  | Found Omas's General Store.
 43985 | Snake:4  | Found a runed translucent gate.
 43986 | Snake:4  | Found a runed translucent gate.
 43987 | Snake:4  | Found a runed translucent gate.
 43992 | Snake:4  | Reached skill level 6 in Shields
 43993 | Snake:4  | Noticed Agnes
 43999 | Snake:4  | Killed Agnes
 44099 | Snake:4  | Reached skill level 14 in Fighting
 44259 | Snake:4  | Found an opulent altar of Gozag.
 44260 | Snake:4  | Noticed Douf's ghost (adept MiBe)
 44316 | Snake:4  | Reached skill level 7 in Shields
 44486 | Snake:4  | Found a runed translucent door.
 45175 | Snake:4  | Reached skill level 8 in Shields
 45866 | Snake:3  | Reached skill level 15 in Fighting
 45976 | Snake:4  | Reached skill level 9 in Shields
 46479 | Snake:4  | Reached skill level 10 in Shields
 46705 | Snake:4  | Reached XP level 18. HP: 119/119 MP: 28/33
 46808 | Snake:4  | Got a serpentine rune of Zot
 47092 | Snake:4  | Reached skill level 11 in Shields
 47377 | Snake:4  | You pick up a book of the Warp and begin reading...
 47557 | Shoals:1 | Entered Level 1 of the Shoals
 48056 | Shoals:1 | Reached skill level 12 in Shields
 49291 | Shoals:2 | Reached skill level 13 in Shields
 49352 | Shoals:2 | Found a frozen archway.
 49471 | IceCv    | Entered an ice cave
 49482 | IceCv    | Learned a level 6 spell: Summon Cactus Giant
 50177 | IceCv    | Reached skill level 5 in Armour
 50983 | IceCv    | Identified the +1 ice dragon scales of the Gusle {Contam
                  | rF- rC++ Str+4}
 51200 | Shoals:2 | Noticed Polyphemus
 51229 | Shoals:2 | Noticed Ilsuiw
 51361 | Shoals:2 | Reached skill level 9 in Air Magic
 51517 | Shoals:2 | Killed Polyphemus
 52199 | Shoals:2 | Killed Ilsuiw
 52438 | Shoals:3 | You add the spells Gell's Gravitas and Teleport Other to
                  | your library.
 52599 | Shoals:3 | You pick up a book of Weapons and begin reading...
 52670 | Shoals:3 | Reached skill level 1 in Transmutations
 52928 | Shoals:3 | Reached XP level 19. HP: 117/128 MP: 26/37
 53011 | Shoals:3 | Reached skill level 2 in Transmutations
 53172 | Shoals:3 | Found Maiteap's General Store.
 53694 | Shoals:3 | Reached skill level 3 in Transmutations
 53884 | Shoals:4 | Entered Level 4 of the Shoals
 53884 | Shoals:4 | Found a stormy altar of Qazlal.
 54046 | Shoals:4 | Reached skill level 4 in Transmutations
 54911 | Shoals:4 | Got a barnacled rune of Zot
 55253 | Shoals:4 | Reached skill level 16 in Fighting
 55975 | Vaults:1 | Entered Level 1 of the Vaults
 56444 | Vaults:1 | Reached skill level 17 in Fighting
 56491 | Vaults:1 | You pick up a book of the Hunter and begin reading...
 56491 | Vaults:1 | You add the spells Sigil of Binding and Call Canine
                  | Familiar to your library.
 56514 | Vaults:1 | Found Yptegual's Weapon Shop.
 56644 | Vaults:1 | You pick up a book of Unlife and begin reading...
 56644 | Vaults:1 | You add the spells Animate Dead, Borgnjor's Vile Clutch and
                  | Death Channel to your library.
 56705 | Vaults:1 | Found a transporter.
 56710 | Vaults:1 | Found a transporter.
 56712 | Vaults:1 | Noticed Heidiaz's ghost (adept MfBe)
 56714 | Vaults:1 | Found a bloodstained altar of Trog.
 57069 | Vaults:1 | Identified the +7 spear "Saurghoro" {speed, Dex+7}
 57464 | Vaults:1 | You pick up a book of Power and begin reading...
 57464 | Vaults:1 | You add the spells Iskenderun's Battlesphere and
                  | Spellforged Servitor to your library.
 57505 | Vaults:1 | Reached skill level 18 in Fighting
 57509 | Vaults:1 | Reached XP level 20. HP: 140/140 MP: 29/38
 57517 | Vaults:1 | Learned a level 7 spell: Spellforged Servitor
 57527 | Vaults:1 | Learned a level 6 spell: Bombard
 57754 | Vaults:1 | magus.rc [v1.9.6]
 57890 | Vaults:2 | Reached skill level 1 in Earth Magic
 57920 | Vaults:2 | Reached skill level 13 in Conjurations
 58097 | Vaults:2 | Reached skill level 2 in Earth Magic
 58387 | Vaults:2 | Found a runed gate.
 58387 | Vaults:2 | Found a runed gate.
 58389 | Vaults:2 | Found a runed gate.
 58425 | Vaults:2 | Found a transporter.
 58431 | Vaults:2 | Noticed Kamets Paeg's ghost (master HuCj)
 58448 | Vaults:2 | Noticed a dread lich
 58450 | Vaults:2 | Found a transporter.
 58452 | Vaults:2 | Identified the +4 ring mail of Immorality {Fly Str+3 Dex-5
                  | SInv}
 58812 | Vaults:2 | Reached skill level 13 in Summonings
 58830 | Vaults:2 | Reached skill level 14 in Conjurations
 59442 | Vaults:2 | Found a glowing golden altar of the Shining One.
 59779 | Vaults:1 | Learned a level 1 spell: Apportation
 60196 | Crypt:3  | Identified the of Poapraf Hya
 60196 | Crypt:3  | Identified the of Wionue
 60196 | Elf:1    | Entered Level 1 of the Elven Halls
 60607 | Elf:1    | Reached skill level 14 in Summonings
 60624 | Elf:1    | Reached skill level 15 in Conjurations
 61003 | Elf:1    | Reached skill level 11 in Spellcasting
 61039 | Elf:1    | Identified the +6 short sword "Xaguckou" {heavy, Str+4
                  | Dex-5}
 61670 | Elf:1    | Found a portal to a secret trove of treasure.
 61681 | Elf:1    | You paid a toll of 5 potions of resistance to enter a
                  | treasure trove
 61682 | Trove    | Entered a treasure trove
 61691 | Trove    | Identified the +7 scimitar of Broken Luck {heavy, Int+2}
 61691 | Trove    | Identified the +7 triple sword of Xosch {chaos, rF+ Int+2
                  | Stlth+}
 61692 | Trove    | Identified the +2 double sword of Yzouraef {drain, rF+ rC+
                  | rCorr Str-3}
 61713 | Trove    | Identified the +4 double sword "Louvil" {heavy, rElec
                  | Int+3}
 61887 | Elf:2    | Found Qaffiaho's Weapon Shoppe.
 62117 | Elf:2    | Reached XP level 21. HP: 97/146 MP: 19/39
 62263 | Elf:2    | You add the spells Passage of Golubria and Yara's Violent
                  | Unravelling to your library.
 62351 | Elf:2    | Found Itaozoud's Assorted Antiques.
 62560 | Elf:2    | Found a runed translucent gate.
 62560 | Elf:2    | Found a runed translucent gate.
 62560 | Elf:2    | Found a runed translucent gate.
 62580 | Elf:3    | Entered Level 3 of the Elven Halls
 62611 | Elf:3    | You are cast into the Abyss!
 62611 | Abyss:3  | Cast into level 3 of the Abyss (a deep elf demonologist)
 62646 | Abyss:3  | Found a corrupted altar of Lugonu.
 62664 | Abyss:3  | Found a corrupted altar of Lugonu.
 62670 | Abyss:3  | Got an abyssal rune of Zot
 62895 | Abyss:3  | Reached skill level 16 in Dodging
 62907 | Elf:3    | You pass through the gate.
 62907 | Elf:3    | Escaped the Abyss
 63306 | Elf:3    | Found Vuucegey's Magic Scroll Emporium.
 63315 | Elf:3    | Bought a scroll of revelation for 120 gold pieces
 63535 | Elf:3    | Identified the +6 scale mail of Lust {Harm rElec rC- SInv}
 63886 | Elf:3    | magus.rc [v1.9.6]
 63889 | Elf:3    | Reached skill level 19 in Fighting
 63896 | Elf:3    | Identified the staff of Zajuen {rF+ rC+ rN+ Str+4 Fire}
 63907 | Elf:3    | a deep elf pyromancer comes into view. It is wielding a +2
                  | glaive of venom, wearing the necklace of Bloodlust {Fury
                  | *Rage Will++ Int-3 Slay+6} and carrying a wand of roots.
 64045 | Elf:3    | Reached skill level 17 in Dodging
 64059 | Elf:3    | Identified the +0 robe of Integrity {Dex+3}
 64201 | Elf:3    | Identified the ring "Surgheto" {rPois rC+++ Str+6 Int-4
                  | Dex-5}
 64523 | Elf:3    | Learned a level 5 spell: Yara's Violent Unravelling
 64531 | Elf:3    | Reached skill level 5 in Transmutations
 64628 | Elf:3    | Reached skill level 4 in Hexes
 64740 | Elf:3    | Identified the staff of Moderation {rC+ Conj}
 64742 | Elf:3    | Identified the ring "Beototel" {Fly rF+ Dex+4}
 64744 | Elf:3    | Identified the +3 dagger of Genyf {heavy, rC+ Str-2 Dex+3}
 64801 | Elf:3    | Identified the +2 shortbow "Fugop" {drain, Int+2}
 64801 | Elf:3    | Identified the +1 swamp dragon scales of Icoumpax {rPois
                  | Dex+2}
 64806 | Elf:3    | You pick up a book of Fire and begin reading...
 64806 | Elf:3    | You add the spells Foxfire, Plasma Beam and Starburst to
                  | your library.
 64824 | Elf:3    | You pick up a book of Unlife and begin reading...
 65246 | Snake:4  | Bought a scroll of blinking for 135 gold pieces
 65246 | Snake:4  | Bought a scroll of teleportation for 54 gold pieces
 65940 | Vaults:3 | Found a staircase to the Crypt.
 66236 | Vaults:3 | Reached XP level 22. HP: 139/155 MP: 31/42
 66300 | Vaults:3 | Reached skill level 6 in Transmutations
 66302 | Vaults:3 | Reached skill level 5 in Hexes
 67385 | Vaults:4 | Noticed Jory
 67399 | Vaults:4 | Killed Jory
 67510 | Vaults:4 | Noticed Norris
 67534 | Vaults:4 | Killed Norris
 67688 | Vaults:4 | Identified the +3 leather armour of the Distant Future
                  | {MP+9 Dex+4 Stlth+}
 67688 | Vaults:4 | Noticed Mara
 67693 | Vaults:4 | Noticed MackTheKnife's illusion
 67854 | Vaults:4 | Reached skill level 14 in Shields
 68050 | Vaults:4 | Reached skill level 18 in Dodging
 68123 | Vaults:4 | Found Domasch's Weapon Shop.
 68321 | Vaults:4 | Noticed MackTheKnife's illusion
 68479 | Vaults:4 | Noticed MackTheKnife's illusion
 68482 | Vaults:4 | Killed Mara
 69161 | Vaults:4 | Reached skill level 15 in Shields
 69269 | Vaults:4 | Noticed Donald
 69279 | Vaults:4 | Killed Donald
 69341 | Vaults:4 | Identified the +1 chain mail of the Turtledove {Will- Dex+3
                  | SInv}
 69773 | Depths:1 | Entered Level 1 of the Depths
 69780 | D:15     | magus.rc [v1.9.6]
 69921 | Depths:1 | Found a hide-covered altar of Uskayaw.
 69934 | Depths:1 | Identified the +3 chain mail "Campec" {rF++ Regen+ Str+2
                  | Dex+3}
 70033 | Depths:1 | Reached skill level 19 in Dodging
 70080 | Depths:1 | Found Voguz's Antique Armour Shop.
 70113 | Depths:1 | Bought a pair of glowing gloves for 367 gold pieces
 70568 | Depths:1 | Found a gateway to Hell.
 70718 | Depths:1 | Reached XP level 23. HP: 162/162 MP: 21/43
 71217 | Depths:2 | Identified the +8 arbalest "Liryok" {elec, rN+}
 71245 | Depths:2 | Identified the +4 falchion of Ignis's Whim {venom, Str+3}
 71385 | Depths:2 | Found Ducsuc's Antique Armour Shop.
 72177 | Depths:2 | Found a one-way gate leading to the halls of Pandemonium.
 72382 | Depths:2 | Noticed a golden dragon
 72395 | Depths:2 | Killed a golden dragon
 72396 | Depths:2 | Reached skill level 20 in Dodging
 72528 | Depths:2 | You pick up a book of Death and begin reading...
 72528 | Depths:2 | You add the spells Haunt and Infestation to your library.
 72625 | Depths:2 | Reached skill level 20 in Fighting
 73006 | Depths:2 | Identified the +1 robe of Discretion {+Blink rF+ rN+ MP+9}
 73178 | Depths:2 | Noticed a golden dragon
 73178 | Depths:2 | Identified the +8 plate armour of Ashenzari's Fury {Str+3}
 73188 | Depths:2 | Identified the staff "Faiqe" {+Blink rPois rN+ Int+3 Necro}
 73207 | Depths:2 | Killed a golden dragon
 73314 | Depths:2 | Noticed a juggernaut
 73373 | Depths:2 | Killed a juggernaut
 73647 | Depths:2 | Identified the +11 crystal plate armour of Temperance
                  | {rPois Dex+3}
 73649 | Depths:2 | Identified the ring "Wompar" {Fire rCorr}
 73667 | Depths:2 | z - the +11 crystal plate armour of Temperance {rPois
                  | Dex+3, rare=g}
 73668 | Depths:2 | You drop the +11 crystal plate armour of Temperance {rPois
                  | Dex+3, rare=g}.
 73683 | Depths:2 | z - the +11 crystal plate armour of Temperance {rPois
                  | Dex+3, rare=g}
 74582 | Depths:3 | Learned a level 4 spell: Animate Dead
 74598 | Depths:3 | Reached skill level 1 in Necromancy
 74630 | Depths:3 | Reached skill level 2 in Necromancy
 74651 | Depths:3 | Reached skill level 3 in Necromancy
 74676 | Depths:3 | Reached skill level 4 in Necromancy
 75020 | Depths:3 | Reached skill level 5 in Necromancy
 75302 | Depths:3 | Reached skill level 6 in Necromancy
 75325 | Depths:3 | Reached XP level 24. HP: 122/172 MP: 18/43
 75361 | Depths:3 | Reached skill level 21 in Dodging
 75687 | Depths:3 | Found a one-way gate to the infinite horrors of the Abyss.
 75687 | Depths:3 | Noticed a juggernaut
 75687 | Depths:3 | The hell knight is wielding the +9 sword of Zonguldrok
                  | {reap}.
 75698 | Depths:3 | Identified the ring "Wezuup" {rC- MP+9 Str+3 SInv Stlth+}
 75698 | Depths:3 | Identified the amulet "Tuefacsy" {Acrobat Fly Str+3 Slay-5}
 75698 | Depths:3 | Identified +2 pearl dragon scales
 75722 | Depths:3 | r - +2 pearl dragon scales {rare=g}
 75723 | Depths:3 | Noticed a juggernaut
 75736 | Depths:3 | Killed a juggernaut
 75776 | Depths:3 | Reached skill level 21 in Fighting
 75781 | Depths:3 | Noticed a juggernaut
 75847 | Depths:3 | Noticed a juggernaut
 76658 | Depths:3 | Killed a juggernaut
 76788 | Depths:3 | Killed a juggernaut
 76799 | Depths:3 | Identified the +5 arbalest "Voluyceym" {heavy, rN++}
 76957 | Depths:3 | Identified the +9 battleaxe of the Final Chapter {freeze,
                  | *Corrode Str+2 Int+4}
 76989 | Depths:3 | You pick up a book of Spectacle and begin reading...
 76991 | Depths:3 | You pick up a book of the Spheres and begin reading...
 76991 | Depths:3 | You add the spells Fireball and Orb of Destruction to your
                  | library.
 77024 | Depths:3 | You pick up a book of Callings and begin reading...
 77024 | Depths:3 | You add the spells Summon Small Mammal and Summon Guardian
                  | Golem to your library.
 77157 | Depths:3 | magus.rc [v1.9.6]
 77181 | Depths:4 | Entered Level 4 of the Depths
 77352 | Depths:4 | Noticed a juggernaut
 77359 | Depths:4 | Killed a juggernaut
 77454 | Depths:4 | Reached skill level 22 in Dodging
 77585 | Depths:4 | Found a one-way gateway to a ziggurat.
 77586 | Depths:4 | Noticed an ancient lich
 77809 | Depths:4 | Identified +0 gold dragon scales
 78010 | Depths:4 | Identified the ring "Ylaengu" {rElec rC+ MP+9 Str-4 SInv}
 78258 | Depths:4 | Reached skill level 6 in Armour
 78468 | Depths:4 | Found a gate to the Realm of Zot.
 78750 | Depths:4 | Reached skill level 7 in Armour
 79252 | Crypt:1  | Entered Level 1 of the Crypt
 79359 | Crypt:1  | Reached skill level 8 in Armour
 79541 | Crypt:1  | Noticed Frederick
 79548 | Crypt:1  | Killed Frederick
 79723 | Crypt:1  | Reached skill level 9 in Armour
 79742 | Crypt:1  | Reached XP level 25. HP: 180/180 MP: 40/43
 80058 | Crypt:1  | Reached ****** piety under Ashenzari
 80322 | Crypt:1  | Reached skill level 10 in Armour
 80819 | Slime:1  | Entered Level 1 of the Pits of Slime
 80899 | Slime:2  | Paralysed by a formless jellyfish for 1 turns
 80914 | Slime:1  | Gained mutation: Potions are less effective at restoring
                  | your health. [a shining eye]
 80918 | Slime:1  | Reached skill level 11 in Armour
 80920 | Slime:1  | Gained mutation: You occasionally shout uncontrollably at
                  | your foes. [a shining eye]
 81575 | Slime:4  | Reached skill level 12 in Armour
 81735 | Slime:5  | Identified the "Qiul"
 81735 | Slime:5  | Entered Level 5 of the Pits of Slime
 82007 | Slime:5  | Reached skill level 13 in Armour
 82602 | Slime:5  | Noticed the Royal Jelly
 82637 | Slime:5  | Killed the Royal Jelly
 82638 | Slime:5  | Reached skill level 14 in Armour
 82687 | Slime:5  | Identified the amulet of Summer {Faith *Slow rC+ Dex+2}
 82753 | Slime:5  | Identified the staff of Feral Judgement {Fly rPois rN+
                  | Dex+3 Necro}
 82753 | Slime:5  | Identified the staff of Defiance {rF+ Int+7 Earth}
 82756 | Slime:5  | Found the +16 obsidian axe {drain, demonic, Mesm Drain Fly
                  | SInv}
 82990 | Slime:5  | Identified the ring of Feosianu {Will+ Int+4 SInv}
 83045 | Slime:5  | You add the spells Mephitic Cloud and Chain Lightning to
                  | your library.
 83065 | Slime:5  | You pick up a book of Power and begin reading...
 83074 | Slime:5  | Identified the staff "Amiugupn" {*Slow Int+5 Dex+5 Earth}
 83083 | Slime:5  | You pick up a book of Fire and begin reading...
 83112 | Slime:5  | Got a slimy rune of Zot
 83122 | Slime:5  | Identified the +3 ring mail of the Rescuing Gods {rPois
                  | Will+}
 83122 | Slime:5  | Identified a scroll of acquirement
 83133 | Slime:5  | You pick up a book of Geomancy and begin reading...
 83139 | Slime:5  | You pick up a book of Callings and begin reading...
 83146 | Slime:5  | You add the spells Eringya's Noxious Bog and Summon Hydra
                  | to your library.
 83150 | Slime:5  | You pick up a book of the Moon and begin reading...
 83150 | Slime:5  | You add the spells Silence and Lehudib's Crystal Spear to
                  | your library.
 83161 | Slime:5  | Acquired 836 gold pieces
 83176 | Slime:5  | You finish putting on your +2 pearl dragon scales {rare=g}.
 83184 | Slime:5  | You finish taking off your +2 pearl dragon scales {rare=g}.
 83516 | Slime:5  | Reached skill level 15 in Armour
 84197 | Vaults:4 | You drop +2 pearl dragon scales {rare=g}.
 84199 | Vaults:4 | r - +2 pearl dragon scales {rare=g}
 84254 | Vaults:5 | Entered Level 5 of the Vaults
 84279 | Vaults:5 | Identified the +10 quarterstaff "Nefuleg" {flame, rF-
                  | Str+5}
 84305 | Vaults:5 | C - quicksilver dragon scales {rare}
 84340 | Vaults:5 | Reached skill level 16 in Armour
 84382 | Vaults:5 | Noticed a dread lich
 84408 | Vaults:5 | Killed a dread lich
 84543 | Vaults:5 | You finish putting on your quicksilver dragon scales
                  | {rare}.
 84552 | Vaults:5 | Reached skill level 17 in Armour
 84565 | Vaults:5 | Identified the +6 morningstar of Suesicek {drain, Drain
                  | Will+ Dex+4 SInv}
 84659 | Vaults:5 | Noticed an ancient lich
 84704 | Vaults:5 | Reached skill level 18 in Armour
 84771 | Vaults:5 | Identified the staff "Wejaymem" {Dex+3 Earth}
 84781 | Vaults:5 | Reached skill level 19 in Armour
 84981 | Vaults:5 | Reached XP level 26. HP: 186/186 MP: 36/43
 85034 | Vaults:5 | You add the spells Malign Gateway and Summon Horrible
                  | Things to your library.
 85079 | Vaults:5 | Identified the +11 longbow of the Four Wonders {heavy, rC+
                  | Will+ Stlth+}
 85080 | Vaults:5 | Identified the +3 flail of Regicide {heavy, rCorr Str+4
                  | Dex+3}
 85093 | Vaults:5 | Identified the +3 rapier of Gitulagi {flame, Will+++ Str+3
                  | Dex-3 SInv}
 85166 | Vaults:5 | Reached skill level 6 in Evocations
 85178 | Vaults:5 | Your quicksilver dragon scales {rare} glows black for a
                  | moment.
 85188 | Vaults:5 | Got a silver rune of Zot
 85225 | Vaults:5 | Identified the +3 falchion of Articulation {holy, rC+ Str+2
                  | Int-4 Dex+5}
 85248 | Vaults:5 | Identified +0 gold dragon scales
 85249 | Vaults:5 | Noticed a caustic shrike
 85251 | Vaults:5 | a caustic shrike changed into an iron dragon
 85263 | Vaults:5 | an iron dragon changed into a caustic shrike
 85263 | Vaults:5 | Noticed a caustic shrike (glowing shapeshifter)
 85267 | Vaults:5 | a caustic shrike changed into a golden dragon
 85271 | Vaults:5 | +0 gold dragon scales {rare}; a glowing shapeshifter
                  | corpse; a golden dragon corpse
 85307 | Vaults:5 | Reached skill level 7 in Evocations
 85623 | Vaults:5 | You drop +2 pearl dragon scales {rare=g}.
 85625 | Vaults:5 | r - +2 pearl dragon scales {rare=g}
 85653 | Vaults:5 | Reached skill level 8 in Evocations
 85690 | Vaults:5 | Killed an ancient lich
 85714 | Vaults:5 | Reached skill level 9 in Evocations
 85817 | Vaults:5 | Identified the staff of Kismet {rPois rF+ rN+ Int+2 Fire}
 85945 | Vaults:5 | You drop +2 pearl dragon scales {rare=g}.
 85946 | Vaults:5 | r - +2 pearl dragon scales {rare=g}
 86100 | Vaults:5 | Identified +0 gold dragon scales
 86101 | Vaults:5 | Reached skill level 10 in Evocations
 86315 | Vaults:5 | Noticed a dread lich
 86324 | Vaults:5 | Killed a dread lich
 86479 | Vaults:5 | You pick up a book of Beasts and begin reading...
 86479 | Vaults:5 | You add the spells Summon Ice Beast and Monstrous Menagerie
                  | to your library.
 86753 | Vaults:5 | Reached skill level 11 in Evocations
 87166 | Zot:1    | Entered Level 1 of the Realm of Zot
 87363 | Zot:1    | Noticed an electric golem
 87364 | Zot:1    | Identified +0 gold dragon scales
 87646 | Zot:1    | Killed an electric golem
 87668 | Zot:1    | Reached skill level 12 in Evocations
 88268 | Zot:1    | Reached skill level 13 in Evocations
 88561 | Zot:2    | Noticed an electric golem
 89106 | Zot:1    | +0 shadow dragon scales {rare}; a shadow dragon corpse
 89108 | Zot:1    | +0 shadow dragon scales {rare}; a shadow dragon corpse
 89120 | Zot:1    | +0 shadow dragon scales {rare}; a shadow dragon corpse
 89493 | Zot:2    | Killed an electric golem
 89494 | Zot:2    | Reached skill level 14 in Evocations
 89673 | Zot:2    | Reached XP level 27. HP: 112/193 MP: 43/43
 89805 | Zot:2    | Reached skill level 15 in Evocations
 90032 | Zot:2    | Identified +0 gold dragon scales
 90033 | Zot:2    | Reached skill level 16 in Evocations
 90291 | Zot:2    | Found a glowing golden altar of the Shining One.
 90311 | Zot:2    | You pick up a book of the Spheres and begin reading...
 90699 | Zot:2    | Lost mutation: You occasionally shout uncontrollably at
                  | your foes. [potion of mutation]
 90699 | Zot:2    | Lost mutation: Potions are less effective at restoring your
                  | health. [potion of mutation]
 90699 | Zot:2    | Gained mutation: You are partially covered in iridescent
                  | scales. (AC +2) [potion of mutation]
 90831 | Zot:3    | Noticed a curse toe
 90843 | Zot:3    | Killed a curse toe
 91212 | Zot:4    | Reached skill level 22 in Fighting
 91457 | Zot:5    | Entered Level 5 of the Realm of Zot
 91457 | Zot:5    | Found a shimmering blue altar of Sif Muna.
 91618 | Zot:5    | +0 storm dragon scales {rare}; a storm dragon corpse
 91924 | Zot:5    | Identified the +3 plate armour of Kindness {rF+ Str+3}
 92191 | Zot:5    | Reached skill level 23 in Dodging
 92308 | Zot:5    | quicksilver dragon scales {rare}; a quicksilver dragon
                  | corpse
 92551 | Zot:5    | Learned a level 2 spell: Blink
 92554 | Zot:5    | Learned a level 2 spell: Passwall
 92562 | Zot:5    | Noticed an ancient lich
 92562 | Zot:5    | Noticed an orb of fire
 92598 | Zot:5    | Noticed an ancient lich
 92607 | Zot:5    | Noticed an electric golem
 92615 | Zot:5    | Noticed an orb of fire
 92615 | Zot:5    | Noticed an orb of fire
 92615 | Zot:5    | Noticed an orb of fire
 92616 | Zot:5    | Noticed an orb of fire
 92616 | Zot:5    | Noticed an orb of fire
 92623 | Zot:5    | Gained mutation: You passively dampen the noise of your
                  | surroundings. [an orb of fire]
 92624 | Zot:5    | Gained mutation: You do not regenerate when monsters are
                  | visible. [an orb of fire]
 92635 | Zot:4    | Lost mutation: You passively dampen the noise of your
                  | surroundings. [potion of mutation]
 92635 | Zot:4    | Lost mutation: You are partially covered in iridescent
                  | scales. (AC +2) [potion of mutation]
 92635 | Zot:4    | Lost mutation: You do not regenerate when monsters are
                  | visible. [potion of mutation]
 92635 | Zot:4    | Gained mutation: You possess an exceptional clarity of
                  | mind. [potion of mutation]
 92635 | Zot:4    | Gained mutation: Your body sometimes deteriorates upon
                  | taking damage. [potion of mutation]
 92635 | Zot:4    | Gained mutation: You are partially covered in iridescent
                  | scales. (AC +2) [potion of mutation]
 92653 | Zot:4    | Noticed a curse toe
 92666 | Zot:4    | Killed a curse toe
 92870 | Zot:5    | Gained mutation: You passively map a small area around you.
                  | [an orb of fire]
 92870 | Zot:5    | Gained mutation: You are clumsy. (Dex -2) [an orb of fire]
 92870 | Zot:5    | Lost mutation: You possess an exceptional clarity of mind.
                  | [an orb of fire]
 92871 | Zot:5    | Gained mutation: You occasionally shout uncontrollably at
                  | your foes. [an orb of fire]
 92873 | Zot:4    | Gained mutation: You are occasionally teleported next to
                  | monsters. [an orb of fire]
 92875 | Zot:4    | Lost mutation: You passively map a small area around you.
                  | [potion of mutation]
 92875 | Zot:4    | Lost mutation: You are partially covered in iridescent
                  | scales. (AC +2) [potion of mutation]
 92875 | Zot:4    | Gained mutation: Your system is resistant to poisons.
                  | (rPois) [potion of mutation]
 92876 | Zot:4    | Lost mutation: Your system is resistant to poisons. (rPois)
                  | [potion of mutation]
 92876 | Zot:4    | Lost mutation: You occasionally shout uncontrollably at
                  | your foes. [potion of mutation]
 92876 | Zot:4    | Gained mutation: You are covered in fur. (AC +1) [potion of
                  | mutation]
 92877 | Zot:4    | Lost mutation: Your body sometimes deteriorates upon taking
                  | damage. [potion of mutation]
 92877 | Zot:4    | Lost mutation: You are clumsy. (Dex -2) [potion of
                  | mutation]
 92877 | Zot:4    | Gained mutation: Your body sometimes deteriorates upon
                  | taking damage. [potion of mutation]
 92877 | Zot:4    | Gained mutation: Your magical capacity is low. (-10% MP)
                  | [an orb of fire]
 92880 | Zot:4    | Lost mutation: Your body sometimes deteriorates upon taking
                  | damage. [potion of mutation]
 92880 | Zot:4    | Lost mutation: Your magical capacity is low. (-10% MP)
                  | [potion of mutation]
 92880 | Zot:4    | Gained mutation: You are often teleported next to monsters.
                  | [potion of mutation]
 92880 | Zot:4    | Gained mutation: Your mind is acute. (Int +4, Str/Dex -1)
                  | [potion of mutation]
 92880 | Zot:4    | Gained mutation: You expend magic power (3 MP) to
                  | strengthen your wands. [potion of mutation]
 92898 | Zot:4    | Killed an orb of fire
 92909 | Zot:4    | Killed an orb of fire
 92974 | Zot:4    | Noticed an electric golem
 93322 | Zot:4    | Killed an electric golem
 93323 | Zot:4    | Reached skill level 23 in Fighting
 93560 | Zot:4    | Noticed a dread lich
 93661 | Zot:3    | a +0 battleaxe {axe}; +0 storm dragon scales {rare}; a
                  | storm dragon corpse
 93666 | Zot:3    | a +0 battleaxe {axe}; +0 storm dragon scales {rare}; a
                  | storm dragon corpse
 93682 | Zot:3    | Reached skill level 24 in Dodging
 93755 | Zot:4    | Noticed a curse toe
 93806 | Zot:3    | +0 storm dragon scales {rare}; a storm dragon skeleton
 94107 | Zot:3    | a +0 short sword {short}; +0 storm dragon scales {rare}
 94617 | Zot:4    | Noticed a dread lich
 94624 | Zot:4    | Killed a dread lich
 94625 | Zot:4    | Noticed a dread lich
 94669 | Zot:5    | Noticed an orb of fire
 94669 | Zot:5    | Gained mutation: Armour fits poorly on your strangely
                  | shaped body. [an orb of fire]
 94673 | Zot:5    | Gained mutation: You are weak. (Str -2) [an orb of fire]
 94673 | Zot:5    | Gained mutation: Your body sometimes deteriorates upon
                  | taking damage. [an orb of fire]
 94687 | Zot:5    | Gained mutation: You are vulnerable to heat. (rF-) [an orb
                  | of fire]
 94688 | Zot:5    | Killed an orb of fire
 94696 | Zot:5    | Killed an orb of fire
 94697 | Zot:5    | Reached skill level 24 in Fighting
 94700 | Zot:5    | Killed an ancient lich
 94701 | Zot:5    | Reached skill level 16 in Shields
 94819 | Zot:5    | Got the Orb of Zot
 94858 | Zot:4    | Noticed a dread lich
 94881 | Zot:3    | a +0 short sword {short}; +0 storm dragon scales {rare}; a
                  | +1 dire flail of venom {mace}
 95375 | D:$      | Escaped with the Orb!

Vanquished Creatures
  the Royal Jelly (Slime:5)
  2 dread liches
  An ancient lich (Zot:5)
  3 orbs of fire
  A Killer Klown (Zot:3)
  10 golden dragons
  An electric golem (Zot:1)
  7 tentacled monstrosities
  5 Orb Guardians (Zot:5)
  3 titans
  A walking frostbound tome (Zot:1)
  2 deep elf blademasters (Elf:3)
  A deep elf master archer (Elf:3)
  Asterion (Snake:3)
  11 acid blobs
  4 quicksilver dragons
  4 sphinxes
  6 death cobs
  An ancient champion (Crypt:1)
  Polyphemus (Shoals:2)
  2 krakens
  A tentacled starspawn (Abyss:3)
  Agnes (Snake:4)
  9 draconian monks
  6 shadow dragons
  10 storm dragons
  5 tengu reavers
  3 draconian knights
  3 narguns (Zot:1)
  9 rockslimes
  6 ghost moths
  7 fire giants
  Ilsuiw (Shoals:2)
  11 nagarajas
  6 deep elf sorcerers
  10 azure jellies
  An iron dragon (Vaults:5)
  4 draconian scorchers
  6 frost giants
  12 vault wardens
  2 deep elf elementalists (Elf:3)
  3 draconian annihilators
  3 draconian stormcallers
  5 draconian shifters
  A caustic shrike skeleton (Crypt:1)
  A formless jellyfish (shapeshifter) (Vaults:5)
  5 formless jellyfish
  10 stone giants
  13 ironbound preservers
  2 orc warlords
  15 very ugly things
  3 ghouls (Crypt:1)
  2 war gargoyles
  6 quicksilver oozes
  5 ironbound thunderhulks
  A juggernaut skeleton (Crypt:1)
  4 vampire knights
  6 green draconians
  2 deep elf demonologists
  8 red draconians
  A lorocyproca (Depths:2)
  7 purple draconians
  2 yellow draconians
  8 dire elephants
  4 deep elf annihilators
  A minotaur (D:15)
  12 black draconians
  11 spark wasps
  5 white draconians
  12 ettins
  4 deep elf high priests
  2 eidola (Crypt:1)
  8 fire dragons
  3 deep elf death magi
  A crystal guardian (Vaults:2)
  2 entropy weavers
  7 merfolk impalers
  A shambling mangrove (Abyss:3)
  6 merfolk javelineers
  7 great orbs of eyes
  11 yaktaur captains
  Fannar (D:10)
  4 salamander tyrants
  2 rakshasas
  2 merfolk avatars
  A hell beast (Depths:2)
  An ogre mage (Vaults:1)
  7 ice dragons
  3 hydras
  An Orb Guardian zombie (Zot:5)
  8 spriggan air magi
  7 merfolk aquamancers
  18 vault guards
  7 ironbound frosthearts
  2 centaur warriors (D:15)
  14 anacondas
  A catoblepas (D:13)
  8 dancing weapons
  A satyr (Shoals:3)
  2 deep troll shamans
  6 two-headed ogres
  3 boulder beetles
  9 death yaks
  4 tengu warriors (D:15)
  22 naga warriors
  5 deep troll earth magi
  7 shock serpents
  9 naga sharpshooters
  5 vampire magi
  A shock serpent (shapeshifter) (Depths:3)
  3 thrashing horrors (Abyss:3)
  5 orc high priests (Orc:2)
  A hell hog (Depths:1)
  6 spriggan berserkers
  A storm dragon zombie (Zot:5)
  Nergalle (Lair:3)
  14 deep elf knights
  Sonja (D:10)
  7 skysharks
  A sun demon (Depths:2)
  6 salamander mystics
  A fire crab (Abyss:3)
  A titan skeleton (Vaults:5)
  7 skeletal warriors
  A shadow wraith (Vaults:2)
  A wretched star (Abyss:3)
  A spark wasp zombie (D:15)
  A golden dragon zombie (Vaults:5)
  22 deep trolls
  A glowing orange brain (Slime:5)
  3 naga ritualists
  11 sea snakes
  3 flayed ghosts
  An obsidian statue (IceCv)
  16 deep elf archers
  2 phantasmal warriors
  7 lindwurms
  5 arcanists
  13 harpies
  18 ironbound convokers
  An iron giant skeleton (Crypt:1)
  4 necromancers
  An orange crystal statue (Depths:2)
  10 mana vipers
  25 ugly things
  13 orc knights
  A shadow dragon skeleton (Crypt:1)
  Pikel (D:7)
  A harpy (shapeshifter) (Elf:2)
  33 deep elf zephyrmancers
  4 orc sorcerers
  A salamander (shapeshifter) (D:14)
  23 deep elf pyromancers
  A shining eye (Slime:1)
  14 salamanders
  10 fauns
  A stone giant zombie (Crypt:1)
  A moth of wrath (shapeshifter) (Vaults:5)
  10 manticores
  10 moths of wrath
  5 cyclopes
  20 naga magi
  42 black mambas
  56 slime creatures
  An apocalypse crab (Abyss:3)
  14 water nymphs
  A guardian serpent (shapeshifter) (Depths:3)
  10 guardian serpents
  Maurice (D:8)
  15 vault sentinels
  A fire giant skeleton (Vaults:5)
  10 cane toads
  12 merfolk sirens
  3 eyes of devastation (Slime:5)
  2 kobold demonologists (D:7)
  3 efreet
  Joseph (D:7)
  An elephant (shapeshifter) (Vaults:5)
  An unseen horror (shapeshifter) (Vaults:5)
  4 komodo dragons
  29 yaktaurs
  8 freezing wraiths
  An unseen horror (D:11)
  A black draconian zombie (Zot:5)
  An ancient zyme (Abyss:3)
  2 ice devils (IceCv)
  A golden dragon simulacrum (IceCv)
  A guardian mummy (Crypt:1)
  A great orb of eyes zombie (Slime:5)
  21 merfolk
  2 polar bears
  4 trolls
  12 meliai
  A wind drake (shapeshifter) (D:13)
  10 wind drakes
  7 hornets
  6 snapping turtles
  2 glass eyes
  10 blink frogs
  3 dream sheep (Shoals:3)
  3 spriggans
  2 wraiths
  5 air elementals
  2 jumping spiders
  37 water elementals
  2 wyverns (Lair:4)
  A shadow (D:12)
  54 yaks
  A yak (shapeshifter) (D:14)
  A ynoxinul (Abyss:3)
  A fire bat (Depths:1)
  3 fire elementals
  4 golden eyes (Slime:4)
  3 basilisks
  3 minotaur simulacra (IceCv)
  A redback (Vaults:2)
  4 steam dragons
  5 large abominations (Abyss:3)
  2 vampire mosquitoes (D:15)
  4 acid dragons
  2 harpy simulacra (IceCv)
  2 wargs
  30 nagas
  11 water moccasins
  10 nameless horrors
  A faun skeleton (Crypt:1)
  4 black bears
  21 orc warriors
  3 sky beasts
  A meliai simulacrum (D:15)
  An ice beast (D:7)
  4 ogres
  A boggart (Vaults:2)
  10 centaurs
  2 phantoms
  4 starcursed masses (Abyss:3)
  9 wolves (Lair:5)
  A torpor snail zombie (Crypt:1)
  2 lemures (D:7)
  3 kobold brigands
  8 bullfrogs
  2 gnoll sergeants
  3 scorpions
  2 earth elementals (Elf:1)
  6 wights
  12 killer bees (D:9)
  9 howler monkeys
  A human zombie (Crypt:1)
  4 hounds
  29 orc priests
  A sleepcap (D:5)
  A gnoll bouda (D:5)
  7 jellies
  5 iguanas
  3 human skeletons (Crypt:1)
  10 orc wizards
  3 mummies (Crypt:1)
  18 gnolls
  12 adders
  3 white imps
  3 ufetubi
  A lava snake skeleton (Crypt:1)
  A worm (D:2)
  3 dart slugs
  59 orcs
  6 endoplasms
  2 giant cockroaches
  2 goblins
  6 hobgoblins
  6 jackals
  3 quokkas
  10 ball pythons
  5 bats
  4 frilled lizards
  23 kobolds
  An orc skeleton (Crypt:1)
  11 rats
  12 snaplasher vines
  A starspawn tentacle (Abyss:3)
  3 tentacles (Abyss:3)
1765 creatures vanquished.

Vanquished Creatures (collateral kills)
  A dread lich (Vaults:5)
  An orb of fire (Zot:4)
  Mara (Vaults:4)
  An ancient lich (Vaults:5)
  5 juggernauts
  Frederick (Crypt:1)
  2 curse toes
  5 golden dragons
  Jory (Vaults:4)
  Norris (Vaults:4)
  A bone dragon (Depths:4)
  2 electric golems
  16 tentacled monstrosities
  3 liches
  8 Orb Guardians (Zot:5)
  Jorgrun (Snake:3)
  3 titans
  A walking crystal tome (Zot:1)
  6 acid blobs
  2 sphinxes
  A walking frostbound tome (Depths:2)
  A walking divine tome (Zot:1)
  A deep elf master archer (Elf:3)
  3 quicksilver dragons
  An acid blob (shapeshifter) (Vaults:5)
  8 death cobs
  12 storm dragons
  2 tengu reavers
  Donald (Vaults:4)
  A shadow dragon (Depths:3)
  4 azure jellies
  A nargun (Zot:1)
  A draconian monk (Zot:3)
  4 nagarajas (Snake:4)
  2 daevas (Vaults:2)
  6 frost giants
  5 fire giants
  5 deep elf sorcerers (Elf:3)
  2 iron dragons
  4 rockslimes (Slime:5)
  4 draconian scorchers
  3 vault wardens
  2 draconian knights (Zot:3)
  5 draconian shifters
  A spriggan defender (Depths:3)
  2 ghouls
  2 draconian stormcallers
  3 quicksilver oozes
  11 stone giants
  2 ironbound preservers
  A deep elf elementalist (Elf:3)
  3 reapers (IceCv)
  A formless jellyfish (Slime:1)
  4 ironbound thunderhulks
  3 vampire knights
  2 war gargoyles (Vaults:5)
  2 green draconians
  8 very ugly things
  4 deep elf demonologists (Elf:3)
  6 white draconians
  11 black draconians
  3 purple draconians
  6 yellow draconians
  A dire elephant (Vaults:4)
  2 spark wasps
  4 deep elf annihilators (Elf:3)
  5 deep elf death magi
  Snorg (D:13)
  2 jiangshi (Crypt:1)
  3 ettins
  4 fire dragons
  An eidolon (Vaults:3)
  A merfolk impaler (Depths:3)
  4 deep elf high priests (Elf:3)
  A peacekeeper (Vaults:2)
  4 yaktaur captains
  A caustic shrike simulacrum (IceCv)
  A hell beast (Depths:1)
  5 ice dragons
  An entropy weaver (Vaults:5)
  4 great orbs of eyes
  2 rakshasas
  10 vault guards
  2 ironbound frosthearts
  An anaconda (Snake:3)
  2 ogre magi (Vaults:5)
  A ghost crab (Abyss:3)
  A boulder beetle (D:15)
  2 catoblepae
  4 tengu warriors (Depths:2)
  2 deep troll earth magi (Depths:2)
  A two-headed ogre (D:13)
  8 death yaks
  6 naga warriors
  2 occultists (Depths:2)
  2 vampire magi
  6 dancing weapons
  3 spriggan berserkers
  2 deep troll shamans
  2 thrashing horrors (Abyss:3)
  2 deep elf knights (Elf:3)
  2 hell knights
  A soul eater (Depths:1)
  2 spriggans (Depths:2)
  2 iron trolls (Depths:1)
  A shadow wraith (D:13)
  2 skysharks
  2 naga sharpshooters
  3 skeletal warriors
  10 deep trolls
  2 storm dragon skeletons (D:15)
  A flayed ghost (Depths:2)
  A spriggan simulacrum (IceCv)
  4 orc knights
  An orange crystal statue (IceCv)
  3 arcanists
  3 lindwurms
  A necromancer (D:15)
  3 deep elf archers
  4 deep elf zephyrmancers
  An ironbound convoker (Vaults:4)
  A mana viper (Snake:2)
  4 deep elf pyromancers
  A harpy (shapeshifter) (D:14)
  12 ugly things
  A cyclops (D:11)
  A salamander (Snake:4)
  5 shining eyes
  11 moths of wrath
  2 black mambas
  2 manticores
  3 elephants (Lair:5)
  11 vault sentinels
  A naga mage (Snake:4)
  A water nymph (Shoals:4)
  An eye of devastation (Slime:5)
  6 cane toads
  A smoke demon (Depths:1)
  A centaur skeleton (Crypt:1)
  A rime drake (Lair:5)
  6 freezing wraiths
  2 komodo dragons (Lair:4)
  2 unseen horrors
  13 yaktaurs
  An ice devil (IceCv)
  2 wind drakes
  A polar bear (Lair:5)
  A meliai (Depths:3)
  2 trolls
  A hornet (Depths:2)
  6 blink frogs (Lair:4)
  A glass eye (Depths:2)
  A glass eye (shapeshifter) (Vaults:5)
  3 shadows
  An air elemental (Elf:2)
  A centaur simulacrum (D:14)
  23 slime creatures
  A spriggan (shapeshifter) (D:14)
  A wraith (Crypt:1)
  2 fire bats (Depths:1)
  A large abomination (Abyss:3)
  8 water elementals
  A ynoxinul (Abyss:3)
  3 yaks (Lair:5)
  A human (shapeshifter) (Vaults:5)
  2 minotaur simulacra (IceCv)
  A warg (Orc:2)
  2 harpy simulacra (IceCv)
  3 water moccasins
  3 nameless horrors
  8 orc warriors
  A black bear (Lair:5)
  2 ogres (Orc:2)
  3 wolves (Lair:5)
  A necrophage (Crypt:1)
  4 deep troll simulacra (IceCv)
  A spriggan zombie (Crypt:1)
  8 orc priests (Orc:2)
  A jelly (D:11)
  An orc wizard (Orc:2)
  2 mummies (Crypt:1)
  7 orcs
  A ball python (D:4)
  A tentacle (Abyss:3)
574 creatures vanquished.

Vanquished Creatures (others)
  A golden dragon (Zot:1)
  A yellow draconian (Zot:3)
  2 Orb Guardian zombies (Zot:5)
  An azure jelly zombie (Slime:5)
  A sphinx zombie (Vaults:5)
  3 storm dragon zombies
  4 spark wasp zombies
  A golden dragon zombie (Zot:5)
  A ghost moth zombie (Zot:2)
  A shadow dragon zombie (Depths:3)
  A tengu zombie (Vaults:5)
  5 draconian zombies
  2 fire giant zombies
  An elf zombie (Vaults:5)
  2 black draconian zombies
  A red draconian zombie (Zot:5)
  2 green draconian zombies
  An unseen horror zombie (Vaults:5)
  A white draconian zombie (Zot:3)
  3 yaktaur zombies (Vaults:5)
  9 human zombies (Vaults:5)
  3 moth of wrath zombies
  A spriggan zombie (Depths:3)
  2 deep troll zombies (Vaults:5)
  2 ettin zombies
  A fire dragon zombie (Depths:3)
  2 ice dragon zombies (Depths:3)
  2 slime creature zombies (Slime:5)
  4 water elementals
  A naga (Snake:4)
  An elephant zombie (Vaults:5)
  A warg zombie (Vaults:5)
  A troll zombie (Vaults:5)
  An orc wizard (Orc:1)
  7 orc zombies (Vaults:5)
  95 fulminant prisms
  21 snaplasher vines
  A starspawn tentacle (Abyss:3)
  7 tentacles
197 creatures vanquished.

Grand Total: 2536 creatures vanquished

Table legend:
 A = Non-vault XP
 B = Vault XP
 C = Vault XP percentage of total XP
 D = Non-vault monster count
 E = Vault monster count
 F = Vault count percentage of total count
                 A         B        C        D         E       F
            +---------+---------+-------+---------+---------+-------
      Total |  827946 |  663586 |  44.5 |    1479 |     806 |  35.3
            +---------+---------+-------+---------+---------+-------
        D:1 |      37 |       0 |   0.0 |      25 |       0 |   0.0
        D:2 |      49 |      14 |  22.2 |      19 |       2 |   9.5
        D:3 |      27 |      44 |  62.0 |      11 |       5 |  31.2
        D:4 |     154 |     172 |  52.8 |      10 |       4 |  28.6
        D:5 |     591 |     714 |  54.7 |      21 |      17 |  44.7
        D:6 |     460 |       0 |   0.0 |      12 |       0 |   0.0
        D:7 |     489 |    2862 |  85.4 |      11 |      13 |  54.2
        D:8 |    1803 |     449 |  19.9 |      43 |       1 |   2.3
        D:9 |    3283 |     452 |  12.1 |      42 |       2 |   4.5
       D:10 |    3982 |    1640 |  29.2 |      17 |       2 |  10.5
       D:11 |    4483 |     373 |   7.7 |      15 |       4 |  21.1
       D:12 |    5041 |       0 |   0.0 |      11 |       0 |   0.0
       D:13 |    6992 |    2966 |  29.8 |      13 |       5 |  27.8
       D:14 |    6505 |       0 |   0.0 |      14 |       0 |   0.0
       D:15 |    9282 |    6091 |  39.6 |      21 |       8 |  27.6
     Lair:1 |    2742 |    3358 |  55.0 |      12 |       5 |  29.4
     Lair:2 |    7803 |       0 |   0.0 |      24 |       0 |   0.0
     Lair:3 |    6221 |    2094 |  25.2 |      20 |       6 |  23.1
     Lair:4 |   11532 |     455 |   3.8 |      38 |       3 |   7.3
     Lair:5 |    7954 |    9249 |  53.8 |      28 |      20 |  41.7
   Shoals:1 |   12259 |       0 |   0.0 |      25 |       0 |   0.0
   Shoals:2 |   14909 |    9668 |  39.3 |      29 |      14 |  32.6
   Shoals:3 |   15060 |       0 |   0.0 |      33 |       0 |   0.0
   Shoals:4 |   10247 |   24587 |  70.6 |      22 |      50 |  69.4
    Snake:1 |    7553 |    1263 |  14.3 |      16 |       1 |   5.9
    Snake:2 |   11685 |   18841 |  61.7 |      20 |      29 |  59.2
    Snake:3 |   18254 |   10218 |  35.9 |      32 |      17 |  34.7
    Snake:4 |   27764 |   36187 |  56.6 |      56 |      47 |  45.6
    Slime:1 |   16277 |       0 |   0.0 |      27 |       0 |   0.0
    Slime:2 |    6595 |       0 |   0.0 |      15 |       0 |   0.0
    Slime:3 |    1391 |       0 |   0.0 |       5 |       0 |   0.0
    Slime:4 |    4251 |       0 |   0.0 |       7 |       0 |   0.0
    Slime:5 |   11973 |   40639 |  77.2 |      26 |      34 |  56.7
      Orc:1 |    2438 |       0 |   0.0 |      21 |       0 |   0.0
      Orc:2 |    2531 |   11614 |  82.1 |      26 |      70 |  72.9
      Elf:1 |   31406 |    6804 |  17.8 |      49 |      14 |  22.2
      Elf:2 |   22070 |    1662 |   7.0 |      33 |       2 |   5.7
      Elf:3 |   23063 |   34966 |  60.3 |      35 |      33 |  48.5
   Vaults:1 |   28183 |   17133 |  37.8 |      39 |      21 |  35.0
   Vaults:2 |   23231 |   14283 |  38.1 |      36 |      17 |  32.1
   Vaults:3 |   13576 |    8339 |  38.1 |      25 |      12 |  32.4
   Vaults:4 |   45265 |   32178 |  41.6 |      61 |      38 |  38.4
   Vaults:5 |   28446 |   98294 |  77.6 |      42 |      91 |  68.4
    Crypt:1 |   25180 |    5794 |  18.7 |      46 |       5 |   9.8
   Depths:1 |   29630 |    2848 |   8.8 |      40 |       4 |   9.1
   Depths:2 |   30043 |   56500 |  65.3 |      44 |      52 |  54.2
   Depths:3 |   16696 |   73752 |  81.5 |      22 |      58 |  72.5
   Depths:4 |   34085 |   19491 |  36.4 |      33 |      14 |  29.8
      Zot:1 |   42540 |   11905 |  21.9 |      31 |       9 |  22.5
      Zot:2 |   64107 |       0 |   0.0 |      53 |       0 |   0.0
      Zot:3 |   41048 |   13560 |  24.8 |      35 |      10 |  22.2
      Zot:4 |   38033 |   24646 |  39.3 |      30 |      12 |  28.6
      Zot:5 |   36438 |   36117 |  49.8 |      32 |      16 |  33.3
    Abyss:3 |   12289 |    8377 |  40.5 |      26 |       7 |  21.2
      IceCv |       0 |   12987 | 100.0 |       0 |      32 | 100.0
            +---------+---------+-------+---------+---------+-------

Skill      XL: |  1  2  3  4  5  6  7  8  9 10 11 12 13 14 15 16 17 18 19 20 21 22 23 24 25 26 27 |
---------------+----------------------------------------------------------------------------------+-----
Fighting       | 1 2 3 4 6 8 10 12 13 15 18 19 20 21 24 | 24.0
Conjurations   | 6 7 9 12 15 | 15.9
Spellcasting   | 3 4 5 6 8 10 11 | 11.9
Hexes          | 1 3 4 5 |  5.1
Dodging        | 3 4 5 8 10 12 13 15 17 19 20 22 24 | 24.1
Shields        | 5 10 13 15 16 | 16.3
Stealth        | 3 |  3.7
Air Magic      | 5 6 8 9 |  9.9
Ice Magic      | 3 4 |  4.0
Evocations     | 5 14 16 | 16.7
Summonings     | 1 7 9 12 14 | 14.9
Armour         | 4 5 9 19 | 19.6
Translocations | 1 2 |  2.8
Long Blades    | 8 12 | 12.0
Transmutations | 1 4 5 6 |  6.2
Earth Magic    | 2 |  2.6
Necromancy     | 6 |  6.8

Action                     |  1- 3 |  4- 6 |  7- 9 | 10-12 | 13-15 | 16-18 | 19-21 | 22-24 | 25-27 || total
---------------------------+-------+-------+-------+-------+-------+-------+-------+-------+-------++-------
  Melee: Dagger            |       |     4 |     2 |       |   114 |       |       |       |       ||   120
         Kick              |       |     1 |       |       |    63 |   266 |   439 |   463 |   820 ||  2052
         Peck              |       |       |     1 |       |    28 |   165 |   280 |   315 |   521 ||  1310
         Demon blade       |       |       |       |       |     1 |   592 |   917 |   813 |  1398 ||  3721
   Fire: Sling             |       |       |     4 |    40 |   156 |       |       |       |       ||   200
  Throw: Throwing net      |       |       |       |     3 |       |       |       |       |       ||     3
   Cast: Magic Dart        |    67 |    81 |    76 |    87 |    24 |       |       |       |       ||   335
         Searing Ray       |     3 |     9 |    33 |    37 |    18 |     1 |       |       |       ||   101
         Fulminant Prism   |       |     1 |    30 |    49 |     6 |     8 |     1 |       |       ||    95
         Freezing Cloud    |       |       |       |    65 |   222 |   227 |   128 |    64 |    27 ||   733
         Summon Mana Viper |       |       |       |     4 |    98 |    59 |    12 |    19 |    25 ||   217
         Summon Forest     |       |       |       |       |    30 |    26 |     8 |     9 |    13 ||    86
         Vhi's Electric Ch |       |       |       |       |       |     3 |     1 |       |       ||     4
         Summon Cactus Gia |       |       |       |       |       |    30 |    18 |    15 |     9 ||    72
         Wereblood         |       |       |       |       |       |       |    16 |    10 |    18 ||    44
         Apportation       |       |       |       |       |       |       |     1 |     1 |     1 ||     3
         Spellforged Servi |       |       |       |       |       |       |    29 |   129 |   146 ||   304
         Bombard           |       |       |       |       |       |       |       |     7 |     3 ||    10
         Yara's Violent Un |       |       |       |       |       |       |       |     5 |     9 ||    14
         Animate Dead      |       |       |       |       |       |       |       |     3 |    17 ||    20
         Blink             |       |       |       |       |       |       |       |       |     1 ||     1
 Invoke: Curse Item        |       |       |     1 |     5 |     3 |     4 |     2 |     2 |     2 ||    19
         Shatter the Chain |       |       |       |       |     4 |     2 |     1 |     2 |     1 ||    10
  Evoke: Wand              |       |       |     5 |    14 |    12 |    18 |     6 |     4 |    23 ||    82
         Condenser vane    |       |       |       |       |       |       |       |     1 |     3 ||     4
         Sack of spiders   |       |       |       |       |       |       |       |       |     2 ||     2
         Phantom mirror    |       |       |       |       |       |       |       |       |     1 ||     1
    Use: Scroll            |       |     4 |     3 |     3 |     4 |    10 |     7 |     6 |    52 ||    89
         Potion            |       |       |       |       |       |     2 |       |       |    40 ||    42
   Stab: Sleeping          |       |       |     1 |       |     5 |     4 |    13 |     9 |    11 ||    43
         Distracted        |       |       |       |       |     3 |    11 |    12 |    40 |    54 ||   120
         Fleeing           |       |       |       |       |       |     1 |       |       |       ||     1
         Invisible         |       |       |       |       |       |       |       |       |     5 ||     5
 Armour: Robe              |     3 |     5 |    23 |    35 |    98 |       |       |       |       ||   164
         Leather armour    |       |       |       |       |     5 |   216 |   178 |   174 |    38 ||   611
         Quicksilver drago |       |       |       |       |       |       |       |       |   424 ||   424
         Ring mail         |       |       |       |       |       |       |       |       |    18 ||    18
  Dodge: Dodged            |    10 |    17 |    66 |   102 |   365 |   597 |   573 |   528 |   914 ||  3172
  Block: Buckler           |       |       |       |    24 |   101 |   161 |       |       |       ||   286
         Kite shield       |       |       |       |       |       |   236 |   679 |   598 |  1093 ||  2606

Illustrated notes

Table legend:
 A = Kills in this place as a percentage of kills in the entire game.
 B = Kills by you in this place as a percentage of kills by you in the entire game.
 C = Kills by friends in this place as a percentage of kills by friends in the entire game.
 D = Other kills in this place as a percentage of other kills in the entire game.
 E = Experience gained in this place as a percentage of experience gained in the entire game.
 F = Experience gained in this place divided by the number of levels of this place that you have seen.
                   A       B       C       D       E      F
               +-------+-------+-------+-------+-------+----------------------
         Total | 100.0 | 100.0 | 100.0 | 100.0 | 100.0 | 26167.2
       Dungeon |  15.2 |  18.5 |   5.5 |   0.0 |   4.0 | 3930.3
          Lair |   6.8 |   6.8 |   7.1 |   0.0 |   3.4 | 10281.6
        Shoals |   7.6 |   9.6 |   1.4 |   0.0 |   5.8 | 21682.5
     Snake Pit |   9.5 |  11.6 |   3.2 |  25.0 |   8.8 | 32941.2
    Slime Pits |   5.0 |   4.2 |   7.4 |   0.0 |   5.4 | 16225.2
  Orcish Mines |   5.1 |   5.4 |   4.2 |   0.0 |   1.1 | 8291.5
   Elven Halls |   7.3 |   7.3 |   7.1 |  25.0 |   8.0 | 39990.3
        Vaults |  16.7 |  16.2 |  18.5 |   0.0 |  20.7 | 61785.6
         Crypt |   2.2 |   2.3 |   2.1 |   0.0 |   2.1 | 30974.0
        Depths |  11.7 |   8.7 |  20.8 |   0.0 |  17.6 | 65761.2
           Zot |  10.0 |   7.4 |  17.6 |  50.0 |  20.7 | 61678.8
         Abyss |   1.4 |   1.5 |   1.4 |   0.0 |   1.4 | 20666.0
      Ice Cave |   1.4 |   0.6 |   3.7 |   0.0 |   0.9 | 12987.0
               +-------+-------+-------+-------+-------+----------------------

Table legend: (Time is in decaauts)
 A = Elapsed time spent in this place.
 B = Non-inter-level travel time spent in this place.
 C = Inter-level travel time spent in this place.
 D = Time resting spent in this place.
 E = Time spent auto-exploring this place.
 F = Levels seen in this place.
 G = Mean time per level.
                   A        B        C        D        E       F      G
               +--------+--------+--------+--------+--------+-----+--------+
         Total |  94523 |  86557 |   7966 |  26430 |  38950 |  57 | 1658.3 |
       Dungeon |  25919 |  22132 |   3787 |   5942 |  11133 |  15 | 1727.9 |
        Temple |     12 |     12 |      0 |      0 |      0 |   1 |   12.0 |
          Lair |   9931 |   8995 |    936 |   3384 |   4254 |   5 | 1986.2 |
        Shoals |   6406 |   6210 |    196 |   1438 |   3534 |   4 | 1601.5 |
     Snake Pit |  10658 |   9897 |    761 |   3874 |   3859 |   4 | 2664.5 |
    Slime Pits |   2988 |   2948 |     40 |   1066 |    926 |   5 |  597.6 |
  Orcish Mines |   3636 |   3431 |    205 |   1617 |   1069 |   2 | 1818.0 |
   Elven Halls |   4162 |   3982 |    180 |    902 |   1970 |   3 | 1387.3 |
        Vaults |  10916 |   9876 |   1040 |   1701 |   5530 |   5 | 2183.2 |
         Crypt |   1069 |   1003 |     66 |     10 |    779 |   1 | 1069.0 |
        Depths |   9703 |   9263 |    440 |   2481 |   4651 |   4 | 2425.8 |
           Zot |   7162 |   6853 |    309 |   3105 |   1110 |   5 | 1432.4 |
         Abyss |    268 |    268 |      0 |     37 |      3 |   1 |  268.0 |
         Trove |     99 |     99 |      0 |      0 |      0 |   1 |   99.0 |
      Ice Cave |   1588 |   1588 |      0 |    870 |    132 |   1 | 1588.0 |
               +--------+--------+--------+--------+--------+-----+--------+

Top non-repeatable levels by time:
 Snake:3: 3034 daAuts
Depths:2: 2973 daAuts
 Snake:4: 2907 daAuts
     D:9: 2894 daAuts
   Orc:2: 2880 daAuts
Depths:3: 2742 daAuts
 Snake:2: 2689 daAuts
Vaults:5: 2494 daAuts
     D:5: 2485 daAuts
  Lair:4: 2440 daAuts
     D:8: 2439 daAuts
Depths:4: 2251 daAuts
Vaults:3: 2241 daAuts
  Lair:1: 2240 daAuts
  Lair:3: 2172 daAuts
